Cogmind - Beta 13 @@@ ROGUE MODE // 2024.08.03 @ 17:55:14 Player: N.W.L Result: Destroyed by EQ-014 with Cooled Phase Cannon Performance ------------- Evolutions (9) 4500 Regions Visited (35) 7000 Robots Destroyed (534) 2670 Value Destroyed (26528) 26528 Prototype IDs (104) 2080 Alien Tech Used (2) 400 Bonus (22948) 22948 TOTAL SCORE: 66126 Bonus ------- High Alert Combat Kills 3939 Follower Combat Kills 3411 Entered Garrisons 400 Network Hubs Disabled 200 Aligned with FarCom 300 Met Data Miner 300 Acquired ECA 300 Met Zhirov 300 Met Warlord at Base 500 MAIN.C Attacked Warlord 500 Warlord Defense Kills 1298 Built Enhanced Grunts 300 A7 Reached Mainframe 300 Met R17 at Cetus 500 Met R17 at Research 2000 Met Warlord at Research 2000 Destroyed MAIN.C Guards 500 Met MAIN.C 5000 Destroyed MAIN.C Shell 5000 Friendly Fire -4100 Cogmind --------- Core Integrity 0/1600 Matter 116/300 Energy 15/100 System Corruption 67% Temperature Cool (9) Movement Core (50) Location -1/Command Parts ------- > --- POWER (2) -------- (None) > --- PROPULSION (6) --- (None) > --- UTILITY (13) ----- (None) > --- WEAPON (4) ------- (None) > --- INVENTORY (5) ---- Experimental Coolant Injector Matter Compressor (250) Heavy Dispersion Rifle Graviton Cannon Advanced Micro-nuke Launcher Peak State ------------ > --- POWER ------------ Zero-point Reactor Zero-point Reactor > --- PROPULSION ------- Experimental Biometal Heavy Treads Enhanced Armored Heavy Treads Enhanced Armored Heavy Treads > --- UTILITY ---------- Advanced Heat Sink Experimental Cooling System Advanced Coolant Injector Huge Storage Unit Experimental Optical Array Advanced Signal Interpreter Experimental Core Analyzer Experimental Core Analyzer Advanced Particle Accelerator Heavy Regenerative Plating Experimental Focal Shield Experimental System Purifier > --- WEAPON ----------- Heavy Quantum Rifle Enhanced Nova Cannon Helical Railgun Multirail > --- INVENTORY -------- Vortex Chain Reactor Improved Heavy Siege Treads Improved Heavy Siege Treads High-density Centrium Leg Experimental Coolant Injector Experimental Energy Well Matter Compressor AEGIS Remote Shield Enhanced Nova Cannon Enhanced Nova Cannon Linear Accelerator Linear Accelerator Heavy Hardcell Cannon Graviton Cannon Advanced Micro-nuke Launcher Advanced Micro-nuke Launcher Advanced Micro-nuke Launcher Ragnarok Missile Launcher Improved Datajack Heavy Flail [Rating: 243] Favorites ----------- Power Quantum Reactor Engine Light Angular Momentum Engine Power Core Light Nuclear Core Reactor Quantum Reactor Propulsion Light Treads Treads Light Treads Leg Aluminum Leg Wheel Compact Wheel Utility Huge Storage Unit Device Improved Cooling System Storage Huge Storage Unit Processor Machine Analyzer Hackware Hacking Suite Protection Centrium Medium Armor Plating Weapon Beamcaster Energy Gun Beamcaster Energy Cannon Enhanced Nova Cannon Ballistic Gun Helical Railgun Ballistic Cannon Enhanced Gauss Cannon Launcher Rocket Launcher Special Weapon Molecular Deconstructor Impact Weapon Great Maul Special Melee Weapon Improved Datajack Build | -11 -10 -10 -10 -9 -8 -8 -8 -8 -8 -7 -7 -7 -7 -7 -7 -6 -6 -6 -6 -6 -6 -5 -5 -5 -5 -4 -4 -4 -4 -4 -3 -3 -2 -1 -1 ------- Run | Yrd Mat Min Exi Min Mat Gar Mat Gar Mat Fac Was Fac Low Low Dat Pro Fac Ext Cet Arc Hub Fac Upp Upp Zhi Pro Fac Upp Upp War Pro Res Res Acc Com Slots Evolved 18 | . . . . . 4 . . . . 2 . . . . . . 2 . . . . 2 . . . . 2 . . . . 2 2 2 . Power 1 | . . . . . . . . . . . . . . . . . . . . . . 1 . . . . . . . . . . . . . Propulsion 4 | . . . . . 1 . . . . 1 . . . . . . 1 . . . . . . . . . . . . . . 1 . . . Utility 11 | . . . . . 2 . . . . 1 . . . . . . 1 . . . . 1 . . . . 2 . . . . 1 2 1 . Weapon 2 | . . . . . 1 . . . . . . . . . . . . . . . . . . . . . . . . . . . . 1 . Parts Attached 758 | 8 17 20 1 3 20 12 27 28 17 24 15 4 3 22 3 12 2 37 26 8 13 29 6 21 11 12 16 18 15 43 19 45 64 37 100 Power 38 | 2 . 1 . . . 3 2 2 1 . . . . 1 . . . 1 2 . 1 1 . . 2 . 2 1 . 2 . . 6 1 7 Engine 14 | 2 . 1 . . . 3 1 2 1 . . . . . . . . 1 1 . . . . . . . 1 1 . . . . . . . Core 1 | . . . . . . . 1 . . . . . . . . . . . . . . . . . . . . . . . . . . . . Reactor 23 | . . . . . . . . . . . . . . 1 . . . . 1 . 1 1 . . 2 . 1 . . 2 . . 6 1 7 Propulsion 104 | 2 . 5 . . 3 3 6 6 3 3 1 1 . 5 . 1 1 11 2 2 3 3 1 1 . 1 . . 3 6 3 6 6 2 14 Treads 92 | 2 . 3 . . 2 3 6 6 3 3 1 1 . 5 . 1 . 5 2 2 3 3 1 1 . 1 . . 3 4 3 6 6 2 14 Leg 8 | . . . . . 1 . . . . . . . . . . . . 5 . . . . . . . . . . . 2 . . . . . Wheel 4 | . . 2 . . . . . . . . . . . . . . 1 1 . . . . . . . . . . . . . . . . . Hover . | . . . . . . . . . . . . . . . . . . . . . . . . . . . . . . . . . . . . Flight . | . . . . . . . . . . . . . . . . . . . . . . . . . . . . . . . . . . . . Utility 222 | 2 4 . . 1 3 1 1 5 3 10 1 . . 2 . 3 1 9 9 2 2 7 1 11 4 3 9 4 6 15 3 28 28 8 36 Device 127 | 1 1 . . . 1 1 1 2 3 4 1 . . 2 . 2 . 3 3 1 1 3 1 7 2 1 4 4 4 10 2 17 21 4 20 Storage 13 | 1 2 . . . . . . . . 1 . . . . . 1 . . . . . . . . 1 . . . . 1 . 1 2 . 3 Processor 14 | . 1 . . . 1 . . . . 2 . . . . . . . 1 1 . . . . . . . 1 . 1 . . 2 2 1 1 Hackware 11 | . . . . . . . . . . 1 . . . . . . 1 1 . . . . . . . . 2 . . . . 4 . . 2 Protection 57 | . . . . 1 1 . . 3 . 2 . . . . . . . 4 5 1 1 4 . 4 1 2 2 . 1 4 1 4 3 3 10 Artifact . | . . . . . . . . . . . . . . . . . . . . . . . . . . . . . . . . . . . . Weapon 394 | 2 13 14 1 2 14 5 18 15 10 11 13 3 3 14 3 8 . 16 13 4 7 18 4 9 5 8 5 13 6 20 13 11 24 26 43 Energy Gun 89 | 1 2 9 1 1 5 . 6 . 2 1 4 1 1 5 3 3 . 4 6 1 1 4 . 1 1 1 1 3 1 2 2 . 4 7 5 Energy Cannon 89 | . . . . . 1 . 6 4 5 1 2 . . 1 . 1 . 5 4 1 1 2 . 4 1 1 2 7 3 8 4 3 5 9 8 Ballistic Gun 69 | 1 5 1 . . 4 1 3 2 3 1 1 . . 1 . . . 1 2 1 3 7 3 1 3 3 1 . . . 1 1 9 5 5 Ballistic Cannon 55 | . . . . . 1 2 . 1 . 1 1 . 1 2 . 2 . 1 1 1 1 1 . . . 1 1 2 . 5 6 5 3 . 16 Launcher 57 | . 3 4 . . 2 2 . 7 . 1 2 . . 4 . 2 . 2 . . 1 4 1 3 . 2 . 1 1 . . 2 2 3 8 Special Weapon 12 | . 3 . . 1 1 . 1 . . 1 2 . . . . . . 1 . . . . . . . . . . . . . . . 1 1 Impact Weapon 16 | . . . . . . . 2 . . 5 1 1 1 1 . . . 1 . . . . . . . . . . . 3 . . . 1 . Slashing Weapon . | . . . . . . . . . . . . . . . . . . . . . . . . . . . . . . . . . . . . Piercing Weapon . | . . . . . . . . . . . . . . . . . . . . . . . . . . . . . . . . . . . . Special Melee Weapon 7 | . . . . . . . . 1 . . . 1 . . . . . 1 . . . . . . . . . . 1 2 . . 1 . . Unidentified Prototypes 56 | . . . . . 1 . 5 . 1 . . . . . . 1 . 1 6 . 1 . . . 2 . 2 . . 8 . 5 6 . 17 Corrupted Parts 26 | . . . . . . . . . . . . . . 3 . . . . 2 . 6 . . . . . . . 2 3 4 . 2 . 4 System Corruption 164 | . . . . . . . . . . . . . . 11 . . . . 11 . 48 . . . . . . . 9 30 20 . 3 . 32 Parts Lost 128 | . 1 3 . . . 1 3 8 1 . . . . 3 . 6 . 9 2 . 2 1 . 3 . 6 8 1 8 2 1 . 4 11 44 Power 16 | . . 1 . . . . 2 1 . . . . . . . . . 1 . . . . . . . 1 1 . . . . . 2 2 5 Propulsion 31 | . . 1 . . . 1 1 3 . . . . . 3 . 2 . 4 1 . 1 1 . . . 1 1 . 2 . . . . 2 7 Utility 46 | . . . . . . . . 2 . . . . . . . 1 . 2 . . . . . 3 . 2 4 1 3 2 1 . 2 6 17 Weapon 35 | . 1 1 . . . . . 2 1 . . . . . . 3 . 2 1 . 1 . . . . 2 2 . 3 . . . . 1 15 Highest Loss Streak 17 | . 1 2 . . . 1 2 5 1 . . . . 2 . 5 . 6 2 . 2 1 . 1 . 3 3 1 4 1 1 . 3 7 17 To Critical Strikes 4 | . . . . . . . . . 1 . . . . . . . . . . . . 1 . . . . . . . . . . . 2 . Average Slot Usage (%) 90 | . 99 94 100 100 97 99 97 99 99 99 96 100 100 94 74 84 82 93 93 93 92 83 88 86 71 83 84 81 74 90 86 82 78 81 79 Engine 4 | . 14 9 14 14 9 8 4 8 9 7 7 7 7 6 . . . 5 4 . . . . . . . 3 9 10 6 . . . . . Reactor 3 | . . . . . . . . . . . . . . . 7 7 6 . 1 6 6 11 11 11 11 6 6 . . 3 10 9 5 7 5 Treads 20 | . 28 27 28 28 18 26 27 26 27 29 30 30 30 25 23 16 13 25 26 26 25 13 17 17 17 17 12 10 13 16 21 16 13 11 11 Device 13 | . 14 14 14 5 8 7 13 18 18 13 5 7 7 10 15 14 13 9 12 8 6 9 6 9 12 12 13 23 17 17 16 16 19 14 14 Storage 7 | . 14 14 14 14 9 9 9 9 9 7 7 7 7 7 7 7 6 6 6 6 6 5 5 5 5 5 5 5 5 5 5 4 4 4 4 Processor 11 | . . . . . 8 9 3 . . 8 15 15 15 15 15 15 13 9 14 20 20 17 17 14 11 11 12 15 15 15 15 14 13 15 16 Hackware 1 | . . . . . . . . . . . 7 7 7 3 . . 5 5 . . . . . . . . 4 . . . . 1 . . 6 Protection 4 | . . . . 8 9 10 9 8 9 7 1 . . . . . . 6 5 3 6 5 9 7 7 9 7 . . 5 5 4 8 11 5 Energy Gun 7 | . 9 21 28 27 12 3 5 . 5 . 8 19 20 11 5 15 13 5 12 5 . 4 3 . 1 3 8 2 1 1 . . 1 2 1 Energy Cannon 3 | . . . . . . . 4 4 7 12 6 . . 3 . . . . 3 . 1 1 . 4 . 3 4 8 6 9 3 3 1 3 4 Ballistic Gun 5 | . 14 1 . . 11 8 13 13 14 2 2 . . . . . . 1 2 12 17 9 12 11 . 7 . . . . . . 8 9 3 Ballistic Cannon 2 | . . . . . . 8 1 2 . . . . 2 3 . 4 6 1 . . . . . . . . 1 3 3 . 6 8 . . 4 Naked Turns 1 | . . . . . . . . . . . . . . . . . . . . . . . . . . . . . . . . . . . 1 Heaviest Build 221 | 14 90 97 96 101 106 107 106 111 113 118 113 105 109 115 114 117 117 129 125 131 131 153 149 171 153 153 157 154 150 205 207 219 221 210 180 Greatest Support 245 | 40 40 40 40 40 62 62 65 63 60 80 80 80 80 110 110 110 100 122 156 156 160 187 188 188 188 188 135 107 107 163 163 225 230 230 245 Greatest Overweight (x) 9 | . 2 9 2 2 2 2 1 1 1 1 1 1 1 2 1 1 7 7 1 . . 1 . . . 1 1 1 2 2 1 1 . . 1 Average Overweight (x) . | . . 2 2 2 1 1 1 1 1 1 1 1 1 1 . 1 4 1 . . . . . . . . 1 1 1 1 . . . . . Largest Inventory Capacity 25 | 8 25 25 25 25 25 25 25 25 25 25 25 25 25 25 25 25 25 25 25 25 25 25 25 25 25 25 25 25 25 25 25 25 25 25 25 Average Capacity 24 | 7 13 25 25 25 25 25 25 25 25 25 25 25 25 25 25 25 25 25 25 25 25 25 25 25 25 25 25 25 25 25 25 25 25 25 24 Most Carried 25 | 5 25 25 25 25 25 25 25 25 25 25 25 25 25 25 25 25 25 25 25 25 25 25 25 25 25 25 20 25 25 25 25 25 25 25 25 Average Carried 23 | 3 11 24 24 24 24 24 24 24 24 24 24 24 24 24 25 24 24 24 24 25 24 23 25 24 24 22 16 21 22 22 24 24 24 23 23 Final Capacity 25 | 8 25 25 25 25 25 25 25 25 25 25 25 25 25 25 25 25 25 25 25 25 25 25 25 25 25 25 25 25 25 25 25 25 25 25 5 Final Carried 25 | 5 25 25 25 25 25 25 25 25 25 25 25 24 25 25 25 24 25 25 25 25 21 25 25 25 25 21 14 25 24 24 25 25 25 18 5 Class Distribution -------------------- 35% | Scavenger-Skirmisher 23% | Scavenger-Tank 15% | Mutant 11% | Skirmisher 7% | Scavenger-Mutant Dominant Class ---------------- Mutant | -10/Materials Mutant | -10/Mines Mutant | -10/Exiles Mutant | -9/Mines Skirmisher | -8/Materials Scavenger-Skirmisher | -8/Garrison Scavenger-Skirmisher | -8/Materials Scavenger-Skirmisher | -8/Garrison Scavenger-Skirmisher | -8/Materials Scavenger-Mutant | -7/Factory Scavenger-Mutant | -7/Waste Scavenger-Skirmisher | -7/Factory Scavenger-Skirmisher | -7/Lower Caves Skirmisher | -7/Lower Caves Mutant | -7/Data Miner Scavenger-Skirmisher | -6/Proximity Caves Scavenger-Skirmisher | -6/Factory Mutant | -6/Extension Scavenger-Skirmisher | -6/Cetus Scavenger-Skirmisher | -6/Archives Scavenger-Skirmisher | -6/Hub_04(d) Scavenger-Skirmisher | -5/Factory Scavenger-Tank | -5/Upper Caves Scavenger-Tank | -5/Upper Caves Scavenger-Mutant | -5/Zhirov Scavenger-Tank | -4/Proximity Caves Skirmisher | -4/Factory Skirmisher | -4/Upper Caves Scavenger-Skirmisher | -4/Upper Caves Scavenger-Mutant | -4/Warlord Scavenger-Tank | -3/Proximity Caves Scavenger-Skirmisher | -3/Research Scavenger-Tank | -2/Research Scavenger-Tank | -1/Access Scavenger-Tank | -1/Command Resources | -11 -10 -10 -10 -9 -8 -8 -8 -8 -8 -7 -7 -7 -7 -7 -7 -6 -6 -6 -6 -6 -6 -5 -5 -5 -5 -4 -4 -4 -4 -4 -3 -3 -2 -1 -1 ----------- Run | Yrd Mat Min Exi Min Mat Gar Mat Gar Mat Fac Was Fac Low Low Dat Pro Fac Ext Cet Arc Hub Fac Upp Upp Zhi Pro Fac Upp Upp War Pro Res Res Acc Com Matter Collected 20149 | 170 501 309 10 40 261 448 535 595 913 260 246 . 120 442 . 399 . 979 422 377 517 1084 541 631 99 685 209 235 734 604 342 1044 1400 1324 3673 Remotely 114 | . . . . . . . . . . . . . . . . . . . . . . . . . . . . . 114 . . . . . . Salvage Created 25746 | 158 815 673 . 44 425 1037 987 948 1039 153 80 132 147 517 . 662 31 576 149 626 1193 1836 241 1180 341 1220 492 276 288 624 338 263 1022 3575 3658 Parts 1122 | 15 54 27 . 5 22 52 54 44 53 10 1 11 5 24 . 19 1 18 3 34 54 83 11 39 3 45 9 12 3 1 18 11 45 186 150 Haulers Intercepted 11 | . 2 . . . 1 . 4 . 2 . . 1 . . . . . . . . . 1 . . . . . . . . . . . . . Recyclers Shooed 23 | . 2 3 . . 2 . . . 3 2 . . . . . . . . . . 2 7 . . . . . . . . . . . 2 . Parts Field Recycled . | . . . . . . . . . . . . . . . . . . . . . . . . . . . . . . . . . . . . Retrieved Matter . | . . . . . . . . . . . . . . . . . . . . . . . . . . . . . . . . . . . . Parts Self-Destructed 136 | . . . . . . . . . . . . . 8 20 . 15 . . . . . . 12 23 . 35 . 7 2 . 14 . . . . Prevented 53 | . . . . . . . . . . . . . . 14 . 4 . . . . . . . 16 . 7 . 7 1 . 4 . . . . Kills | -11 -10 -10 -10 -9 -8 -8 -8 -8 -8 -7 -7 -7 -7 -7 -7 -6 -6 -6 -6 -6 -6 -5 -5 -5 -5 -4 -4 -4 -4 -4 -3 -3 -2 -1 -1 ------- Run | Yrd Mat Min Exi Min Mat Gar Mat Gar Mat Fac Was Fac Low Low Dat Pro Fac Ext Cet Arc Hub Fac Upp Upp Zhi Pro Fac Upp Upp War Pro Res Res Acc Com Combat Hostiles Destroyed 388 | . 17 18 . . 1 21 11 23 10 1 . 1 3 7 . 12 . 6 2 4 15 30 4 19 . 28 5 6 5 8 9 6 19 46 51 Guns 177 | . 10 12 . . . 4 8 4 7 . . 1 3 1 . 3 . 4 2 4 13 21 3 11 . 12 2 1 . . 1 . 8 33 9 Cannons 83 | . . . . . . 2 3 1 3 1 . . . 4 . 5 . . . . 2 . . 4 . 6 2 1 2 4 8 4 2 8 21 AOE 111 | . 7 6 . . 1 13 . 16 . . . . . 2 . 3 . 2 . . . 9 1 3 . 10 . 2 2 . . 2 9 4 19 Classes Destroyed 29 | 2 6 3 . . . 4 . 1 . . 1 . . 2 . . . . . . . . 1 2 . 1 . . 1 1 1 . 1 . 2 Worker 34 | . 3 4 . 1 2 . 1 . 2 . . 2 . . . . . . . . 5 5 . . . . . . . . . 1 . 5 3 Builder 22 | . . 2 . . 1 . 2 . 1 . . . . . . . . 2 . . 1 8 . . . . . . . . . . . 5 . Tunneler 11 | 4 . 1 . 1 1 . 1 . 1 . . . . . . . . . . . . . . . . . 1 . . . . . . 1 . Hauler 11 | . 2 . . . 1 . 4 . 2 . . 1 . . . . . . . . . 1 . . . . . . . . . . . . . Recycler 22 | 1 2 3 . . 1 . 1 . 5 1 . . . . . . . 1 . . 2 1 . . . . 2 . . . . . . 2 . Minesweeper 3 | . . . . . . . . . . . . . . . . . . . . . . . . 1 . . . . 1 . 1 . . . . Mechanic 8 | . . 1 . . . . . . . 1 . . . . . 1 . . . . . 1 . . . . . . . . . 1 1 . 2 Operator 16 | . 1 . . . . . . . 2 . . . . . . . . . . 9 1 2 . . . . . . . . . . . . 1 Drone 3 | . . . . . . . . . . . . . . . . . . . . . . . . . . . . . 1 . . . . . 2 Watcher 20 | . 2 . . . 2 . 4 . 2 . . . . . . . 1 2 1 . 1 3 . . . . . . . . . . . 1 1 Swarmer 68 | . 8 . . . . 7 . 7 2 . . 1 3 . . . . . . . 4 7 1 1 . 6 . . 1 . 7 2 5 6 . Saboteur 1 | . . . . . . . . . . . . . . . . . . . . . . . . . . 1 . . . . . . . . . Grunt 140 | . 9 7 . . 1 10 8 5 3 . . . . . . 6 . 4 . . 6 17 1 13 . 14 2 . 4 5 1 . 4 8 12 Brawler 16 | . . . . . . . . 3 1 . . . . . . 1 . . . . . 2 . 2 . 2 1 . . . . . . 1 3 Duelist 12 | . . . . . . 1 . 1 . . . . . . . 3 . . . . . . . 1 . 1 . . . . . . . . 5 Protector 2 | . . . . . . . . . . . . . . . . . . . . . . . . 1 . . . . . . . . . . 1 Sentry 27 | . . . . . . 3 3 2 2 . . . . . . 1 . 2 . 4 3 . 1 1 . 2 . . . . . . . 3 . Demolisher 3 | . . . . . . . . . . . . . . . . . . . . . . . . . . . . . . . . 1 2 . . Specialist 4 | . . . . . . . . . . . . . . 1 . . . . . . . . . . . . . . . . . . . 2 1 Hunter 33 | . . . . . . . . 1 2 . . . . 4 . 1 . . . . . 3 . . . . . 2 . 1 . . 4 12 3 Programmer 47 | . . . . . . . . 4 . 1 . . . 1 . . . . . . 2 1 . . . 2 2 4 . . 1 . . 14 15 Compactor 1 | . . . . . . . . . . . . . . 1 . . . . . . . . . . . . . . . . . . . . . Cetus Guard 2 | . . . . . . . . . . . . . . . . . . . 2 . . . . . . . . . . . . . . . . Enhanced Q-Series 7 | . . . . . . . . . . . . . . . . . . . . . . . . . . . . . . . . . . . 7 Striker 6 | . . . . . . . . . . . . . . . . . . . . . . . . . . . . . . 2 . 2 2 . . Executioner 2 | . . . . . . . . . . . . . . . . . . . . . . . . . . . . . . . . . 2 . . Alpha 7 1 | . . . . . . . . . . . . . . . . . . . . . . . . . . . . . . . . . . . 1 Decomposer 1 | . . . . . . . . . . . . . . . . . . . . . . . . . . . . 1 . . . . . . . Packrat 2 | . . . . . . . . . . . . . 1 . . . . . . . . . . 1 . . . . . . . . . . . Samaritan 1 | . . . . . . . . . . . . . . . . . . . . . . . . . . . . . . . 1 . . . . Assembled 11 | . . 11 . . . . . . . . . . . . . . . . . . . . . . . . . . . . . . . . . Wasp 1 | . . . . . . . . . . . . 1 . . . . . . . . . . . . . . . . . . . . . . . Thug 6 | . . . . . . 2 . . . . . . . . . . . . . . . . . . . . . . . 2 . 1 1 . . Savage 2 | . . . . . . 1 . . . . . . . . . . . 1 . . . . . . . . . . . . . . . . . Martyr 2 | . . . . . . . . . . . 2 . . . . . . . . . . . . . . . . . . . . . . . . Guerrilla 1 | . . . . . . 1 . . . . . . . . . . . . . . . . . . . . . . . . . . . . . Mutant 1 | . . . . . . . . . . . . . . . . . . . . . . . 1 . . . . . . . . . . . . Best Kill Streak 22 | 3 4 3 . 1 5 7 3 9 4 1 . 2 2 3 . 5 1 6 3 5 5 8 3 8 . 10 4 2 2 5 5 2 9 22 10 Combat Bots Only 15 | . 3 3 . . 1 7 3 9 3 1 . 1 2 3 . 4 . 5 2 2 4 5 3 8 . 10 3 2 2 5 5 2 9 15 8 Max Kills in Single Turn 6 | 1 2 2 . 1 3 2 2 3 2 1 1 2 2 1 . 2 1 2 1 2 5 6 1 2 . 3 2 1 2 1 1 2 4 3 5 Gunslinging 1 | . . . . . . . . . . . . . 1 . . . . . . . . . . . . 1 . . . . . . . 1 . Exploded 5 | . 2 2 . . 1 2 . 3 . . . . . 1 . 2 . 1 . . . 2 1 2 . 3 . 1 1 . . 2 3 2 5 Melee . | . . . . . . . . . . . . . . . . . . . . . . . . . . . . . . . . . . . . Uniques/NPCs Destroyed 2 | . . . . . 1 . . . . . . . . . . . . . . . . . . . . . . . . . . . . . 1 *bomer (-8/Materials) MAIN.C Shell (-1/Command) Combat | -11 -10 -10 -10 -9 -8 -8 -8 -8 -8 -7 -7 -7 -7 -7 -7 -6 -6 -6 -6 -6 -6 -5 -5 -5 -5 -4 -4 -4 -4 -4 -3 -3 -2 -1 -1 -------- Run | Yrd Mat Min Exi Min Mat Gar Mat Gar Mat Fac Was Fac Low Low Dat Pro Fac Ext Cet Arc Hub Fac Upp Upp Zhi Pro Fac Upp Upp War Pro Res Res Acc Com Hostile Shots Fired 2527 | . 48 31 . . . 47 39 95 57 2 . 1 7 60 . 85 . 69 27 6 50 109 28 62 . 118 51 35 38 99 43 26 221 353 720 Missed 601 | . 15 6 . . . 10 10 27 11 1 . 1 3 11 . 33 . 17 14 . 15 24 8 6 . 19 17 13 9 30 16 4 66 86 129 Damage Taken 44983 | 38 376 365 . . . 841 964 1461 958 92 . 65 62 796 . 1003 . 990 413 146 695 1369 451 1188 . 2133 1164 281 688 1435 278 712 3061 4850 18108 Core 3608 | . 68 91 . . . 84 178 174 85 . . . . 105 . 183 . 95 49 . 5 82 44 18 . 117 44 19 . 131 8 61 338 181 1448 Absorbed by Shields 3110 | . . . . . . . . . . . . . . . . . . 163 . . . . . . . . . 149 160 551 289 288 631 879 . Reduced by Siege Mode 3993 | . . . . . . . . . . . . . . . . 39 . 48 . 19 13 96 . 57 . 196 . 15 . 4 . 50 278 180 2998 Redirected to Shielding 143 | . . . . . . 30 . . . . . . . . . . . . . . . . . . . . . . . 25 . . . . 88 Ignored by Resistances 2615 | . . . . . . . . . . . . . . . . . . . . . . 239 . . . . . . . . 41 . 711 1089 535 Regen/Repaired (Parts) 1853 | . . . . . . . . . 92 117 94 . . . . . . . . . . . . . . . . . . 1003 . 484 . . 63 Core Remaining (%) 66 | 100 . . . 36 . . . . 5 . . . . . . 58 . . . . 82 . . . . 73 . . . . 74 95 76 . . Volleys Fired 1548 | 21 61 53 . 3 23 53 59 53 91 18 7 6 11 51 . 62 7 50 20 30 45 106 18 37 27 48 31 39 15 51 45 44 65 117 181 Largest 4 | 2 2 2 . 2 3 3 3 3 3 3 3 3 3 3 . 3 2 3 3 3 3 3 3 3 1 3 3 3 3 3 3 3 3 4 4 Hottest 440 | 60 100 130 . 130 165 165 137 132 169 175 219 225 225 225 . 219 144 224 219 184 127 250 195 158 69 183 248 256 234 289 273 240 250 343 440 Shots Fired 3210 | 30 109 91 . 5 40 76 146 72 188 21 13 18 22 99 . 123 9 77 44 76 107 230 40 95 27 107 69 61 26 116 71 79 133 326 464 Gun 1943 | 30 96 84 . 4 28 31 103 21 145 2 2 18 16 69 . 66 4 38 39 71 98 193 39 62 27 71 45 7 5 25 8 . 101 228 167 Cannon 1056 | . . . . . . 17 42 20 42 16 10 . 6 23 . 46 5 12 5 5 6 26 . 25 . 25 24 50 20 91 63 78 28 94 277 Launcher 174 | . 8 7 . . 10 28 . 31 1 . . . . 7 . 11 . 6 . . 3 11 1 8 . 11 . 4 1 . . 1 4 3 18 Special 37 | . 5 . . 1 2 . 1 . . 3 1 . . . . . . 21 . . . . . . . . . . . . . . . 1 2 Kinetic 1512 | 21 58 8 . . 13 23 82 24 96 10 . . 6 14 . 33 5 6 12 53 102 127 25 62 . 84 5 28 2 17 18 47 88 191 252 Thermal 1176 | . 5 74 . 4 4 . 9 4 78 4 6 18 16 74 . 74 4 36 29 23 2 92 14 . 27 2 56 17 10 58 41 31 41 131 192 Explosive 110 | . 8 7 . . . 5 . 13 1 . . . . . . 5 . 6 . . 3 11 1 8 . 11 . 4 1 . . 1 4 3 18 Electromagnetic 383 | 9 38 2 . . 23 48 55 31 13 4 6 . . 11 . 11 . 8 3 . . . . 25 . 10 8 12 13 41 12 . . . . Robot Hit Streak 49 | 4 6 10 . 5 9 9 9 7 14 6 6 13 4 26 . 17 15 41 9 17 16 23 21 13 12 26 6 7 15 5 8 12 18 23 49 Robot Miss Streak 11 | 5 2 11 . 2 2 4 3 3 5 1 2 2 2 4 . 3 . 3 4 1 3 2 1 2 1 3 3 3 1 4 4 1 2 6 4 Penetration Max 2 | . . . . . . . . . . . . . . . . 1 . . . 1 . 1 . 1 . 1 . . . . . . 1 2 1 Secondary Targets 24 | . . 1 . . . . . 1 . . . . 1 . . 1 . . 1 . 2 5 . . . 3 1 . . . . . 2 6 . Max Gunslinging Chain 2 | . . 1 . . . . . 1 . . . . 1 . . 1 . . 1 . 1 1 . . . 1 1 . . . . . 1 2 . Shots Hit Robots 1846 | 15 52 73 . 4 18 33 84 39 105 10 13 10 9 36 . 69 4 45 33 59 58 135 27 68 22 72 28 27 14 35 32 47 89 159 322 Core Hits 1231 | 10 38 114 . 6 17 40 45 55 37 2 2 7 7 18 . 38 2 22 13 30 34 87 11 42 8 62 11 11 15 15 14 13 50 122 233 Critical Kills 39 | . . . . . . . . . 1 . . . . . . . . . . 3 4 14 1 5 . 3 . . . 1 . . 1 4 2 Critical Parts Destroyed 40 | . . . . . . . . . . . 2 . . . . . . . 1 1 5 15 2 2 . 4 . . . . . . . 4 4 Critical Strikes 119 | . 1 . . . . . . . 2 . 2 1 3 6 . 1 1 3 2 4 10 31 3 7 . 9 . 2 1 2 . 5 1 8 14 Burn 15 | . . . . . . . . . 1 . . 1 3 5 . 1 1 2 1 . . . . . . . . . . . . . . . . Meltdown 4 | . . . . . . . . . . . . . . . . . . . . . . . . . . . . . . 1 . . . 1 2 Destroy 75 | . . . . . . . . . 1 . . . . . . . . . 1 4 10 29 3 7 . 8 . . . . . . 1 7 4 Blast 21 | . . . . . . . . . . . . . . 1 . . . . . . . 2 . . . 1 . 2 1 1 . 5 . . 8 Corrupt 2 | . 1 . . . . . . . . . . . . . . . . 1 . . . . . . . . . . . . . . . . . Smash 2 | . . . . . . . . . . . 2 . . . . . . . . . . . . . . . . . . . . . . . . Melee Attacks 106 | . . . . . . . 18 12 . 34 3 3 3 3 . . . 10 . . . . . . . . . . 1 12 . . 1 6 . Impact 86 | . . . . . . . 18 . . 34 3 3 3 3 . . . 6 . . . . . . . . . . . 10 . . . 6 . Slashing . | . . . . . . . . . . . . . . . . . . . . . . . . . . . . . . . . . . . . Piercing 1 | . . . . . . . . . . . . . . . . . . . . . . . . . . . . . 1 . . . . . . Sneak Attacks 23 | . . . . . . . . 12 . . 3 . . . . . . 5 . . . . . . . . . . . 2 . . 1 . . Combat Hostiles . | . . . . . . . . . . . . . . . . . . . . . . . . . . . . . . . . . . . . Follow-up Attacks . | . . . . . . . . . . . . . . . . . . . . . . . . . . . . . . . . . . . . Damage Inflicted 77610 | 206 1298 1353 . 35 755 2130 1885 3322 2177 221 441 296 265 1656 . 1994 80 1427 761 1599 2165 6603 723 2584 496 3723 1122 1151 949 1274 1404 2250 4545 8823 17897 Guns 34522 | 184 769 923 . 35 269 365 1163 306 1642 27 43 296 236 1140 . 897 80 553 683 1470 1671 3996 657 1228 496 1262 650 154 95 99 81 . 2577 5747 4728 Cannons 20839 | . . . . . . 125 606 96 454 194 160 . 29 389 . 570 . 217 78 129 86 371 . 673 . 780 372 684 364 1175 1323 1989 387 1672 7916 Explosions 21853 | 22 529 430 . . 486 1630 116 2920 72 . . . . 127 . 527 . 561 . . 408 2236 66 683 . 1681 100 313 489 . . 237 1581 1386 5253 Melee 335 | . . . . . . . . . . . 238 . . . . . . 96 . . . . . . . . . . 1 . . . . . . Ramming 61 | . . . . . . 10 . . 9 . . . . . . . . . . . . . . . . . . . . . . 24 . 18 . Kinetic 30511 | 108 395 61 . . 124 249 1037 333 1058 81 . . 29 208 . 320 . 67 183 1126 1757 3184 241 1228 . 1750 82 317 66 272 636 1570 2187 4900 6942 Thermal 21830 | 22 72 834 . 35 110 223 116 135 832 83 143 296 236 1318 . 1109 80 741 500 473 . 1995 416 . 496 . 783 311 384 73 597 419 777 2519 5702 Explosive 16468 | . 457 430 . . . 379 . 1557 49 . . . . . . 437 . 356 . . . 1424 66 683 . 1681 100 251 141 . . 237 1581 1386 5253 Electromagnetic 8405 | 76 374 28 . . 521 1269 732 1297 229 57 60 . . 130 . 128 . 167 78 . 408 . . 673 . 292 157 272 357 929 171 . . . . Impact 334 | . . . . . . . . . . . 238 . . . . . . 96 . . . . . . . . . . . . . . . . . Slashing . | . . . . . . . . . . . . . . . . . . . . . . . . . . . . . . . . . . . . Piercing 1 | . . . . . . . . . . . . . . . . . . . . . . . . . . . . . 1 . . . . . . Highest Corruption 77 | . . . . . . 2 4 8 13 3 . 1 1 19 19 19 . 9 20 18 65 1 1 5 5 7 4 5 14 23 29 . 3 26 77 Average Corruption 10 | . . . . . . 1 2 5 12 2 . 1 1 10 19 19 . 9 15 15 11 1 1 2 5 6 3 4 13 10 9 . 2 10 41 Corruption Purged 63 | . . . . . . . . . . 3 . . . . . . . . 2 7 . . . . . . . . . . . . . . 51 Corruption Blocked 22 | . . . . . . . . . . . . . . . . . . . . . . . . . . . . . . 6 . . 16 . . Effects 953 | . . . . . . 10 31 33 60 16 . 1 6 80 6 77 . 29 25 18 36 9 13 13 5 28 14 44 44 25 63 . 1 63 203 Message Errors 223 | . . . . . . 5 8 8 14 3 . . 1 11 3 16 . 7 9 4 10 1 1 2 1 6 2 10 9 6 22 . . 10 54 Matter Fused 215 | . . . . . . 3 5 12 20 7 . 1 . 16 . 17 . 11 5 5 7 4 3 6 2 8 . 8 14 8 15 . . 7 31 Heat Flow Errors 93 | . . . . . . 1 6 2 4 1 . . . 11 . 8 . 4 2 1 3 1 . 1 . 1 1 11 3 5 4 . . 9 14 Energy Discharges 108 | . . . . . . . 7 6 6 1 . . . 13 1 11 . 2 1 6 3 . 6 1 . 5 1 5 5 3 7 . 1 5 12 Parts Rejected 9 | . . . . . . . . . . . . . . 2 . . . . 1 . . . . . . 1 1 . . . . . . 1 3 Parts Fused 7 | . . . . . . . . . . . . . 1 . . . . . . . 2 . . . 1 . . . . . 1 . . 1 1 Data Loss (minor) 101 | . . . . . . 1 2 2 7 2 . . 2 9 2 13 . 1 2 1 5 2 2 3 1 1 3 5 8 1 8 . . 7 11 Data Loss (major) 34 | . . . . . . . 1 1 1 1 . . 1 3 . 4 . 1 1 . 2 . 1 . . . . 2 2 1 4 . . 3 5 Misfires 50 | . . . . . . . . 2 5 1 . . 1 5 . 3 . 2 3 1 3 . . . . 2 3 2 2 . 1 . . 4 10 Alerts 18 | . . . . . . . . . . . . . . 6 . 2 . . . . . 1 . . . 2 2 . 1 . . . . 1 3 Misdirections 11 | . . . . . . . . . . . . . . . . . . . 1 . . . . . . . . . . . . . . 3 7 Weapon Failures 84 | . . . . . . . 2 . 3 . . . . 4 . 3 . 1 . . 1 . . . . 2 1 1 . 1 1 . . 12 52 Overload Shots . | . . . . . . . . . . . . . . . . . . . . . . . . . . . . . . . . . . . . Overflow Damage 1831 | . 30 4 . . . 36 8 34 7 19 208 . . 35 . 66 . 70 . . 19 377 . 23 . 96 32 39 48 16 154 147 73 55 235 Projectiles 853 | . . . . . . . 8 . 7 19 1 . . 35 . 56 . . . . . 34 . 23 . 47 32 38 . 16 154 147 . 36 200 Explosions 715 | . 30 4 . . . 36 . 34 . . . . . . . 10 . 14 . . 19 343 . . . 49 . 1 48 . . . 73 19 35 Melee 263 | . . . . . . . . . . . 207 . . . . . . 56 . . . . . . . . . . . . . . . . . Knockbacks 53 | . . . . . . . 4 . . 1 2 . . 1 . 1 . 1 . . . 2 . . . 2 1 2 . 1 5 10 . . 20 Impact 3 | . . . . . . . . . . . 2 . . . . . . 1 . . . . . . . . . . . . . . . . . Kinetic 47 | . . . . . . . 3 . . 1 . . . 1 . 1 . . . . . 2 . . . 2 1 2 . 1 5 9 . . 19 Secondary 3 | . . . . . . . 1 . . . . . . . . . . . . . . . . . . . . . . . . 1 . . 1 Self-Inflicted Damage 1734 | 39 61 . . . . 316 63 304 210 . . . . 41 . 117 . 131 . . 92 30 . 64 . 91 61 . 95 . . . . . 19 Shots 55 | 1 2 . . . . 13 2 11 3 . . . . 3 . 4 . 4 . . 1 1 . 2 . 4 1 . 2 . . . . . 1 Rammed 4 | . . . . . . 1 . . 1 . . . . . . . . . . . . . . . . . . . . . . 1 . 1 . Targets Rammed 4 | . . . . . . 1 . . 1 . . . . . . . . . . . . . . . . . . . . . . 1 . 1 . Kicked . | . . . . . . . . . . . . . . . . . . . . . . . . . . . . . . . . . . . . Crushed . | . . . . . . . . . . . . . . . . . . . . . . . . . . . . . . . . . . . . Highest Temperature 760 | 52 90 271 . 75 186 437 271 188 235 207 282 60 120 239 . 332 . 230 135 97 225 252 335 432 . 193 188 182 147 343 222 440 225 433 760 Average Temperature 87 | 27 26 81 . 40 49 192 74 66 30 76 100 31 44 76 . 118 . 63 52 11 101 78 154 130 . 94 93 55 71 108 53 141 65 91 98 Received Heat Transfer 7254 | . 72 199 . . . 252 306 180 270 . . . . . . 329 . 234 72 9 90 341 111 495 . 494 30 . 176 173 . 7 9 79 3326 Effects 15 | . . 1 . . . 2 . . . . 1 . . . . 1 . . . . . . 1 2 . . . . . 1 . 3 . 1 2 Shutdowns 5 | . . . . . . 2 . . . . . . . . . . . . . . . . . 1 . . . . . . . 1 . . 1 Energy Bleed 5 | . . 1 . . . . . . . . . . . . . 1 . . . . . . . 1 . . . . . 1 . 1 . . . Interference 2 | . . . . . . . . . . . 1 . . . . . . . . . . . . . . . . . . . . . . 1 . Short Circuit 2 | . . . . . . . . . . . . . . . . . . . . . . . . . . . . . . . . 1 . . 1 Damage (minor) 1 | . . . . . . . . . . . . . . . . . . . . . . . 1 . . . . . . . . . . . . Siege Activations 59 | . . . . . . . . . . . . . . . . 2 . 1 . 3 5 5 . 3 . 3 . 2 . 3 3 3 4 7 15 Total Turns 1313 | . . . . . . . . . . . . . . . . 81 . 19 . 61 76 137 . 65 . 109 . 49 . 13 36 59 110 136 362 Longest Duration 85 | . . . . . . . . . . . . . . . . 56 . 19 . 52 20 85 . 32 . 48 . 40 . 5 18 28 59 34 74 Robots Corrupted 17 | . 1 . . . . 4 . 5 . . . . . . . . . . . . . . . 1 . . . 2 1 3 . . . . . Combat Hostiles 11 | . . . . . . 2 . 2 . . . . . . . . . . . . . . . 1 . . . 2 1 3 . . . . . Parts Fried 49 | . 2 . . . 5 5 5 2 1 1 4 . . . . 1 . 2 . . 3 . . 5 . . . 1 7 5 . . . . . Impact Corruptions 5 | . . . . . . . . . . . 3 . . . . . . 2 . . . . . . . . . . . . . . . . . Robots Melted 6 | . . . . . . . . . . . . . . . . 1 . . . . . . . . . . 1 . . 1 . . . 1 2 Combat Hostiles 6 | . . . . . . . . . . . . . . . . 1 . . . . . . . . . . 1 . . 1 . . . 1 2 Parts Melted 32 | . . . . . . . . . 2 . . . 2 3 . 5 3 4 1 . . . . 1 . . 2 . . 1 . . . 4 4 Heat Transferred 25914 | . 100 1030 . 40 124 250 100 200 1493 111 222 592 629 2627 . 2035 222 1192 1045 629 . 1906 444 . 767 . 777 198 250 74 629 407 851 2368 4602 Parts Sabotaged 7 | . . . . . . . . . . . . . . . . . . . . . . 4 . . . . . . . . . . . . 3 Parts Stolen . | . . . . . . . . . . . . . . . . . . . . . . . . . . . . . . . . . . . . Parts Stripped . | . . . . . . . . . . . . . . . . . . . . . . . . . . . . . . . . . . . . Power Chain Reactions 23 | 1 1 . . . 1 4 2 4 1 . . . . . . 1 . 1 . . 1 1 . . . . . 1 3 . . . . 1 . Alert | -11 -10 -10 -10 -9 -8 -8 -8 -8 -8 -7 -7 -7 -7 -7 -7 -6 -6 -6 -6 -6 -6 -5 -5 -5 -5 -4 -4 -4 -4 -4 -3 -3 -2 -1 -1 ------- Run | Yrd Mat Min Exi Min Mat Gar Mat Gar Mat Fac Was Fac Low Low Dat Pro Fac Ext Cet Arc Hub Fac Upp Upp Zhi Pro Fac Upp Upp War Pro Res Res Acc Com Peak Influence 1922 | 25 329 145 . 95 237 1111 542 803 482 169 32 487 . . . . 30 174 120 242 569 1333 . . . . 148 . . . . 95 290 1166 1922 Initial 692 | . 16 84 . . 37 9 541 26 391 149 4 . . . . . 3 14 36 4 14 268 . . . . 119 . . . . 3 30 59 692 Average 252 | 10 205 30 . 8 83 565 223 462 242 56 6 294 . . . . 9 56 60 173 245 618 . . . . 76 . . . . 26 129 428 930 Maximum Alert Level 5 | . 1 . . . 1 4 2 3 2 . . 2 . . . . . . . 1 2 4 . . . . . . . . . . 1 4 5 Low Security (%) 61 | 100 32 100 . 100 87 13 47 20 46 100 100 14 . . . . 100 100 100 37 40 7 . . . . 100 . . . . 100 82 32 16 Level 1 16 | . 67 . . . 12 14 35 10 36 . . 64 . . . . . . . 62 46 40 . . . . . . . . . . 17 3 . Level 2 11 | . . . . . . 51 16 48 17 . . 21 . . . . . . . . 13 13 . . . . . . . . . . . 48 17 Level 3 6 | . . . . . . 12 . 20 . . . . . . . . . . . . . 17 . . . . . . . . . . . 12 43 Level 4 2 | . . . . . . 8 . . . . . . . . . . . . . . . 20 . . . . . . . . . . . 2 10 Level 5 1 | . . . . . . . . . . . . . . . . . . . . . . . . . . . . . . . . . . . 12 High Security . | . . . . . . . . . . . . . . . . . . . . . . . . . . . . . . . . . . . . Max Security . | . . . . . . . . . . . . . . . . . . . . . . . . . . . . . . . . . . . . Squads Dispatched 85 | . 3 1 . . . . 10 . 4 2 1 3 . . . 1 . 3 . . 7 12 . 1 . 1 3 . . . . 6 . 14 13 Investigation 14 | . 3 . . . . . 2 . 3 . . 1 . . . . . . . . 1 . . . . . . . . . . 1 . 3 . Extermination 16 | . . . . . . . . . . 1 . . . . . . . . . . 2 2 . . . . 2 . . . . . . 4 5 Reinforcement 27 | . . . . . . . 2 . 1 1 . . . . . . . 3 . . 2 7 . . . . 1 . . . . 5 . 4 1 Assault 16 | . . 1 . . . . . . . . 1 . . . . 1 . . . . 1 3 . 1 . 1 . . . . . . . . 7 Garrison 12 | . . . . . . . 6 . . . . 2 . . . . . . . . 1 . . . . . . . . . . . . 3 . Intercept . | . . . . . . . . . . . . . . . . . . . . . . . . . . . . . . . . . . . . Searches Triggered . | . . . . . . . . . . . . . . . . . . . . . . . . . . . . . . . . . . . . Construction Impeded 9 | . . . . . . . . . 1 . . . . . . . . 1 . . 2 4 . . . . . . . . . . . 1 . Haulers Reinforced 6 | . . . . . . . . . . . . . . . . . . . . . . 1 . . . . 1 . . . . 4 . . . Active Scanning Responses . | . . . . . . . . . . . . . . . . . . . . . . . . . . . . . . . . . . . . Cargo Convoy Interrupts . | . . . . . . . . . . . . . . . . . . . . . . . . . . . . . . . . . . . . Stealth | -11 -10 -10 -10 -9 -8 -8 -8 -8 -8 -7 -7 -7 -7 -7 -7 -6 -6 -6 -6 -6 -6 -5 -5 -5 -5 -4 -4 -4 -4 -4 -3 -3 -2 -1 -1 --------- Run | Yrd Mat Min Exi Min Mat Gar Mat Gar Mat Fac Was Fac Low Low Dat Pro Fac Ext Cet Arc Hub Fac Upp Upp Zhi Pro Fac Upp Upp War Pro Res Res Acc Com Distress Signals 51 | . 3 1 . . 1 . 3 . 3 . . . . . . . . 3 2 . 1 6 . . . . 1 . . . . 6 9 4 8 Communications Jammed . | . . . . . . . . . . . . . . . . . . . . . . . . . . . . . . . . . . . . Distress Signals . | . . . . . . . . . . . . . . . . . . . . . . . . . . . . . . . . . . . . Times Spotted 700 | . 26 22 . 3 5 21 15 24 21 3 2 8 7 10 . 19 1 20 9 12 23 51 5 26 . 28 13 6 8 84 9 20 29 63 107 Peak Tracking Total 17 | . 3 4 . 1 3 6 3 8 4 1 1 3 4 3 . 5 1 5 5 1 9 9 3 10 . 10 4 2 5 17 3 3 10 8 16 Tactical Retreats 30 | . 2 . . . 1 3 1 . 1 . . . . 1 . 2 . 1 . . 2 6 . . . . . . 1 3 . 1 2 3 . Traps | -11 -10 -10 -10 -9 -8 -8 -8 -8 -8 -7 -7 -7 -7 -7 -7 -6 -6 -6 -6 -6 -6 -5 -5 -5 -5 -4 -4 -4 -4 -4 -3 -3 -2 -1 -1 ------- Run | Yrd Mat Min Exi Min Mat Gar Mat Gar Mat Fac Was Fac Low Low Dat Pro Fac Ext Cet Arc Hub Fac Upp Upp Zhi Pro Fac Upp Upp War Pro Res Res Acc Com Traps Triggered 29 | . 1 1 . . . 11 . 3 2 5 . . . . . . . 3 . . . 1 . . . . . . . 1 . 1 . . . Indirectly 7 | . . . . . . 7 . . . . . . . . . . . . . . . . . . . . . . . . . . . . . Trap Hack Attempts 10 | . . . . . . . . . . . . 10 . . . . . . . . . . . . . . . . . . . . . . . Triggered . | . . . . . . . . . . . . . . . . . . . . . . . . . . . . . . . . . . . . Disarmed . | . . . . . . . . . . . . . . . . . . . . . . . . . . . . . . . . . . . . Reprogrammed 4 | . . . . . . . . . 4 . . . . . . . . . . . . . . . . . . . . . . . . . . Reused 3 | . . . . . . . . . 3 . . . . . . . . . . . . . . . . . . . . . . . . . . Traps Extracted . | . . . . . . . . . . . . . . . . . . . . . . . . . . . . . . . . . . . . Installed . | . . . . . . . . . . . . . . . . . . . . . . . . . . . . . . . . . . . . Triggered 20 | . . . . . . 2 . . 3 . . . . . . . . . . . . . . 1 . . . 1 1 12 . . . . . Most Traps Carried 2 | . . . . . . . . . . . . . . . . . . . . . . . . . . . . . . . 2 2 . . . Machines | -11 -10 -10 -10 -9 -8 -8 -8 -8 -8 -7 -7 -7 -7 -7 -7 -6 -6 -6 -6 -6 -6 -5 -5 -5 -5 -4 -4 -4 -4 -4 -3 -3 -2 -1 -1 ---------- Run | Yrd Mat Min Exi Min Mat Gar Mat Gar Mat Fac Was Fac Low Low Dat Pro Fac Ext Cet Arc Hub Fac Upp Upp Zhi Pro Fac Upp Upp War Pro Res Res Acc Com Machines Disabled 74 | . 1 . . . 5 5 1 4 9 . . . . . . 1 . 3 1 4 9 16 1 2 . 1 1 . . . . 1 . 2 7 Max in Single Turn 8 | . 1 . . . 1 1 1 2 3 . . . . . . 1 . 1 1 1 5 8 1 1 . 1 1 . . . . 1 . 1 1 Garrison Access 7 | . . . . . . . . . 1 . . 1 . . . . . . . . 1 1 . . . . . . . . . 2 1 . . Garrison Relay 5 | . . . . . . 3 . 2 . . . . . . . . . . . . . . . . . . . . . . . . . . . Network Hub 1 | . . . . . . . . . . . . . . . . . . . . . 1 . . . . . . . . . . . . . . Machines Repaired . | . . . . . . . . . . . . . . . . . . . . . . . . . . . . . . . . . . . . Machines Dismantled . | . . . . . . . . . . . . . . . . . . . . . . . . . . . . . . . . . . . . Machines Sabotaged . | . . . . . . . . . . . . . . . . . . . . . . . . . . . . . . . . . . . . Overloaded Fab Kills 1 | . . . . . . . . . . . . . . . . . . . . . . . . . . . . . . . . . . 1 . Hacking | -11 -10 -10 -10 -9 -8 -8 -8 -8 -8 -7 -7 -7 -7 -7 -7 -6 -6 -6 -6 -6 -6 -5 -5 -5 -5 -4 -4 -4 -4 -4 -3 -3 -2 -1 -1 --------- Run | Yrd Mat Min Exi Min Mat Gar Mat Gar Mat Fac Was Fac Low Low Dat Pro Fac Ext Cet Arc Hub Fac Upp Upp Zhi Pro Fac Upp Upp War Pro Res Res Acc Com Machines Accessed 94 | . 6 1 2 . 4 2 10 1 8 8 . 4 . 1 3 . 1 5 1 . 8 4 1 . 4 . 3 2 . . . 7 1 3 4 Terminals 55 | . 5 . . . 3 2 7 1 6 3 . 3 . . . . 1 5 1 . 7 3 1 . . . 2 . . . . 1 . . 4 Fabricators 2 | . . . . . . . . . . 1 . . . . . . . . . . . . . . . . . . . . . . . 1 . Repair Stations 5 | . . . . . . . . . 1 1 . . . . . . . . . . . . . . . . 1 . . . . 2 . . . Recycling Units 7 | . 1 . . . . . 2 . . 3 . . . . . . . . . . . . . . . . . . . . . 1 . . . Scanalyzers 1 | . . . . . . . . . . . . . . . . . . . . . . . . . . . . . . . . 1 . . . Garrison Access 11 | . . . . . 1 . 1 . 1 . . 1 . . . . . . . . 1 1 . . . . . . . . . 2 1 2 . Total Hacks 257 | . 18 1 2 . 12 5 28 3 23 17 . 9 . 1 22 . 2 13 3 . 17 22 1 . 17 . 7 2 . . . 16 2 6 8 Successful 126 | . 7 1 2 . 7 1 10 . 13 9 . 3 . 1 22 . . 8 . . 4 6 1 . 17 . 2 2 . . . 7 . 1 2 Failed 129 | . 10 . . . 5 4 18 3 9 8 . 6 . . . . 2 5 3 . 13 16 . . . . 5 . . . . 9 2 5 6 Catastrophic 36 | . 3 . . . . 1 4 . 1 3 . 3 . . . . . 1 3 . 3 2 . . . . 3 . . . . 3 . 2 4 Database Lockouts 2 | . 1 . . . . . . . 1 . . . . . . . . . . . . . . . . . . . . . . . . . . Manual 79 | . 11 . 1 . 7 . 17 . 5 4 . 1 . 1 . . . 3 1 . 5 17 . . . . 2 . . 1 . . . 1 2 Terminals 158 | . 14 . . . 11 5 23 3 20 7 . 6 . . . . 2 13 3 . 14 21 1 . . . 5 . . . . 2 . . 8 Fabricators 2 | . . . . . . . . . . 1 . . . . . . . . . . . . . . . . . . . . . . . 1 . Repair Stations 12 | . . . . . . . . . 2 2 . . . . . . . . . . . . . . . . 2 . . . . 6 . . . Recycling Units 16 | . 4 . . . . . 3 . . 7 . . . . . . . . . . . . . . . . . . . . . 2 . . . Scanalyzers 3 | . . . . . . . . . . . . . . . . . . . . . . . . . . . . . . . . 3 . . . Garrison Access 21 | . . . . . 1 . 2 . 1 . . 3 . . . . . . . . 3 1 . . . . . . . . . 3 2 5 . Terminal Hacks 90 | . 3 1 2 . 4 1 5 . 10 2 . 2 . 1 22 . . 8 . . 3 4 1 . 17 . . 2 . . . . . . 2 Record 13 | . . . 1 . . . . . . . . . . . 6 . . . . . . . 1 . 5 . . . . . . . . . . Part Schematic 16 | . . . . . . . . . . . . 1 . . 10 . . 1 . . . . . . 4 . . . . . . . . . . Robot Schematic 3 | . . . . . . . . . . . . . . . 3 . . . . . . . . . . . . . . . . . . . . Robot Analysis 10 | . 1 . . . . . . . 2 . . . . . . . . 2 . . . 1 . . 4 . . . . . . . . . . Prototype ID Bank 8 | . . . . . . . . . . . . . . . 3 . . 1 . . . . . . 4 . . . . . . . . . . Open Door 5 | . . 1 . . . . . . . . . . . 1 . . . . . . . . . . . . . 2 . . . . . . 1 Branch Access Points 3 | . . . . . . . . . 1 . . 1 . . . . . . . . . 1 . . . . . . . . . . . . . Emergency Access Points 2 | . . . . . . . . . . 1 . . . . . . . . . . 1 . . . . . . . . . . . . . . Terminal Index 1 | . . . . . . . . . . . . . . . . . . 1 . . . . . . . . . . . . . . . . . Alert Level 11 | . . . . . 2 . 2 . 3 . . . . . . . . 1 . . 1 1 . . . . . . . . . . . . 1 Unreport Threat 5 | . . . . . . . 2 . 2 . . . . . . . . . . . 1 . . . . . . . . . . . . . . Locate Traps 2 | . . . . . . . . . . . . . . . . . . 1 . . . 1 . . . . . . . . . . . . . Reprogram Traps 1 | . . . . . . . . . 1 . . . . . . . . . . . . . . . . . . . . . . . . . . Recall Reinforcements 1 | . . . . . . . . . . . . . . . . . . 1 . . . . . . . . . . . . . . . . . Hauler Manifests 2 | . 1 . . . . . 1 . . . . . . . . . . . . . . . . . . . . . . . . . . . . Zone Layout 5 | . 1 . . . 2 . . . 1 1 . . . . . . . . . . . . . . . . . . . . . . . . . Garrison Registry 1 | . . . . . . 1 . . . . . . . . . . . . . . . . . . . . . . . . . . . . . Derelict Proto ID Bank 1 | . . . 1 . . . . . . . . . . . . . . . . . . . . . . . . . . . . . . . . Fabricator Hacks 1 | . . . . . . . . . . 1 . . . . . . . . . . . . . . . . . . . . . . . . . Network Status 1 | . . . . . . . . . . 1 . . . . . . . . . . . . . . . . . . . . . . . . . Repair Station Hacks 8 | . . . . . . . . . 2 2 . . . . . . . . . . . . . . . . 1 . . . . 3 . . . Scan Component 5 | . . . . . . . . . 1 1 . . . . . . . . . . . . . . . . 1 . . . . 2 . . . Repair 3 | . . . . . . . . . 1 1 . . . . . . . . . . . . . . . . . . . . . 1 . . . Recycling Unit Hacks 5 | . 1 . . . . . 2 . . 2 . . . . . . . . . . . . . . . . . . . . . . . . . Retrieve Components 5 | . 1 . . . . . 2 . . 2 . . . . . . . . . . . . . . . . . . . . . . . . . Scanalyzer 2 | . . . . . . . . . . . . . . . . . . . . . . . . . . . . . . . . 2 . . . Insert Component 1 | . . . . . . . . . . . . . . . . . . . . . . . . . . . . . . . . 1 . . . Analyze 1 | . . . . . . . . . . . . . . . . . . . . . . . . . . . . . . . . 1 . . . Garrison Access Hacks 7 | . . . . . 1 . 1 . 1 . . 1 . . . . . . . . . 1 . . . . . . . . . 2 . . . Unlock Access 2 | . . . . . 1 . 1 . . . . . . . . . . . . . . . . . . . . . . . . . . . . Seal Access 5 | . . . . . . . . . 1 . . 1 . . . . . . . . . 1 . . . . . . . . . 2 . . . Unauthorized Hacks 13 | . 3 . . . 2 . 2 . . 2 . . . . . . . . . . 1 1 . . . . 1 . . . . . . 1 . Terminals 10 | . 2 . . . 2 . 2 . . 1 . . . . . . . . . . 1 1 . . . . 1 . . . . . . . . Track 1 | . 1 . . . . . . . . . . . . . . . . . . . . . . . . . . . . . . . . . . Assimilate 1 | . . . . . . . . . . . . . . . . . . . . . . . . . . . 1 . . . . . . . . Botnet 7 | . . . . . 2 . 2 . . 1 . . . . . . . . . . 1 1 . . . . . . . . . . . . . Disrupt 1 | . 1 . . . . . . . . . . . . . . . . . . . . . . . . . . . . . . . . . . Fabricators 1 | . . . . . . . . . . . . . . . . . . . . . . . . . . . . . . . . . . 1 . Overload 1 | . . . . . . . . . . . . . . . . . . . . . . . . . . . . . . . . . . 1 . Repair Stations . | . . . . . . . . . . . . . . . . . . . . . . . . . . . . . . . . . . . . Recycling Units 2 | . 1 . . . . . . . . 1 . . . . . . . . . . . . . . . . . . . . . . . . . Recyclers 1 | . . . . . . . . . . 1 . . . . . . . . . . . . . . . . . . . . . . . . . Tunnel 1 | . 1 . . . . . . . . . . . . . . . . . . . . . . . . . . . . . . . . . . Scanalyzers . | . . . . . . . . . . . . . . . . . . . . . . . . . . . . . . . . . . . . Garrison Access . | . . . . . . . . . . . . . . . . . . . . . . . . . . . . . . . . . . . . Data Cores Recovered 5 | . 1 . . . . . . . . . . 1 . . . . . . . . 2 1 . . . . . . . . . . . . . Used 1 | . 1 . . . . . . . . . . . . . . . . . . . . . . . . . . . . . . . . . . Hacking Detections 69 | . 6 . . . 3 2 8 1 6 6 . 4 . . . . 1 5 1 . 8 3 . . . . 3 . . . . 5 1 2 4 Full Trace Events 10 | . 1 . . . . 2 2 1 1 . . 1 . . . . . . . . 1 . . . . . . . . . . . . 1 . Feedback Events 1 | . . . . . . 1 . . . . . . . . . . . . . . . . . . . . . . . . . . . . . Corruption 1 | . . . . . . 1 . . . . . . . . . . . . . . . . . . . . . . . . . . . . . Feedback Blocked . | . . . . . . . . . . . . . . . . . . . . . . . . . . . . . . . . . . . . Robot Schematics Acquired 3 | . . . . . . . . . . . . . . . 3 . . . . . . . . . . . . . . . . . . . . Robots Built . | . . . . . . . . . . . . . . . . . . . . . . . . . . . . . . . . . . . . Authchips . | . . . . . . . . . . . . . . . . . . . . . . . . . . . . . . . . . . . . Time . | . . . . . . . . . . . . . . . . . . . . . . . . . . . . . . . . . . . . Total Robot Build Rating . | . . . . . . . . . . . . . . . . . . . . . . . . . . . . . . . . . . . . Part Schematics Acquired 17 | . . . . . . . . . . . . 1 . . 10 . . 1 . . . . . . 4 . . . . . . 1 . . . Parts Built . | . . . . . . . . . . . . . . . . . . . . . . . . . . . . . . . . . . . . Authchips . | . . . . . . . . . . . . . . . . . . . . . . . . . . . . . . . . . . . . Time . | . . . . . . . . . . . . . . . . . . . . . . . . . . . . . . . . . . . . Total Part Build Rating . | . . . . . . . . . . . . . . . . . . . . . . . . . . . . . . . . . . . . Parts Repaired 3 | . . . . . . . . . 1 1 . . . . . . . . . . . . . . . . . . . . . 1 . . . Time 94 | . . . . . . . . . 32 26 . . . . . . . . . . . . . . . . . . . . . 36 . . . Parts Recycled . | . . . . . . . . . . . . . . . . . . . . . . . . . . . . . . . . . . . . Recycled Matter . | . . . . . . . . . . . . . . . . . . . . . . . . . . . . . . . . . . . . Retrieved Matter . | . . . . . . . . . . . . . . . . . . . . . . . . . . . . . . . . . . . . Retrieved Components 30 | . 10 . . . . . 17 . . 3 . . . . . . . . . . . . . . . . . . . . . . . . . Parts Scanalyzed 1 | . . . . . . . . . . . . . . . . . . . . . . . . . . . . . . . . 1 . . . Part Schematics Acquired 1 | . . . . . . . . . . . . . . . . . . . . . . . . . . . . . . . . 1 . . . Parts Damaged . | . . . . . . . . . . . . . . . . . . . . . . . . . . . . . . . . . . . . Bothacking | -11 -10 -10 -10 -9 -8 -8 -8 -8 -8 -7 -7 -7 -7 -7 -7 -6 -6 -6 -6 -6 -6 -5 -5 -5 -5 -4 -4 -4 -4 -4 -3 -3 -2 -1 -1 ------------ Run | Yrd Mat Min Exi Min Mat Gar Mat Gar Mat Fac Was Fac Low Low Dat Pro Fac Ext Cet Arc Hub Fac Upp Upp Zhi Pro Fac Upp Upp War Pro Res Res Acc Com Used RIF Installer . | . . . . . . . . . . . . . . . . . . . . . . . . . . . . . . . . . . . . Robots Hacked 4 | . . . . . . . . . . 1 . . . . . . . . . . . . . . . . . . . 2 . . 1 . . Non-combat 1 | . . . . . . . . . . 1 . . . . . . . . . . . . . . . . . . . . . . . . . Combat 3 | . . . . . . . . . . . . . . . . . . . . . . . . . . . . . . 2 . . 1 . . Robot Hacks Applied 5 | . . . . . . . . . . 2 . . . . . . . . . . . . . . . . . . . 2 . . 1 . . parse_system 4 | . . . . . . . . . . 1 . . . . . . . . . . . . . . . . . . . 2 . . 1 . . find_station 1 | . . . . . . . . . . 1 . . . . . . . . . . . . . . . . . . . . . . . . . Relay Couplers Released 28 | . . . . . . 12 . 13 . . . . . . . . . . . . 1 . . . . . . . . . . . 2 . . Machine Destruction 25 | . . . . . . 12 . 10 . . . . . . . . . . . . 1 . . . . . . . . . . . 2 . . Programmers 3 | . . . . . . . . 3 . . . . . . . . . . . . . . . . . . . . . . . . . . . Fabnet Peak Effective % . | . . . . . . . . . . . . . . . . . . . . . . . . . . . . . . . . . . . . Robots Rewired 20 | . . . . . . 4 . 6 . . . . . . . . . 3 . . . . 3 2 . 2 . . . . . . . . . Allies Hacked 4 | . . . . . . . . . . . . 1 . . . . . . . . . . . . . . . . . . . 1 . . 2 Hacks Repelled . | . . . . . . . . . . . . . . . . . . . . . . . . . . . . . . . . . . . . Allies | -11 -10 -10 -10 -9 -8 -8 -8 -8 -8 -7 -7 -7 -7 -7 -7 -6 -6 -6 -6 -6 -6 -5 -5 -5 -5 -4 -4 -4 -4 -4 -3 -3 -2 -1 -1 -------- Run | Yrd Mat Min Exi Min Mat Gar Mat Gar Mat Fac Was Fac Low Low Dat Pro Fac Ext Cet Arc Hub Fac Upp Upp Zhi Pro Fac Upp Upp War Pro Res Res Acc Com Total Allies 68 | . . 1 . 1 . 4 . 6 . . 20 . . . . 1 . 14 5 . . . 3 2 . 2 1 . . . . 3 . 1 4 Largest Group 20 | . . 1 . 1 1 4 . 6 . . 20 15 12 10 . 1 . 7 7 1 1 . 3 3 2 2 2 . . . . 3 . 1 3 Highest-Rated Group 645 | . . 31 . 45 45 121 . 96 . . 606 494 452 390 . 96 . 338 645 96 96 . 93 90 59 60 60 . . . . 138 . 178 368 Highest-Rated Ally 178 | . . 31 . 45 45 39 . 16 . . 141 141 141 141 . 96 . 159 159 96 96 . 31 31 30 30 30 . . . . 46 . 178 160 Warlord Squad Rendezvous 1 | . . . . . . . . . . . . . . . . . . . . . . 1 . . . . . . . . . . . . . Pyro 1 | . . . . . . . . . . . . . . . . . . . . . . 1 . . . . . . . . . . . . . Total Orders 47 | . . . . . 1 3 . . . . 4 4 . 8 . . . 1 . 3 . . 4 1 1 . 1 6 2 . . 4 . . 4 STAY 19 | . . . . . 1 2 . . . . 2 2 . 4 . . . 1 . 2 . . 2 . 1 . . . . . . . . . 2 ROAM 1 | . . . . . . . . . . . . . . 1 . . . . . . . . . . . . . . . . . . . . . FOLLOW 11 | . . . . . . 1 . . . . 2 2 . 3 . . . . . 1 . . 1 . . . . . . . . . . . 1 GUARD 2 | . . . . . . . . . . . . . . . . . . . . . . . 1 . . . . . . . . . . . 1 RETURN 14 | . . . . . . . . . . . . . . . . . . . . . . . . 1 . . 1 6 2 . . 4 . . . Ally Attacks 543 | . . 8 . 3 2 11 . 27 . . 113 66 27 56 . 6 . 59 42 . 14 . 15 9 . 4 . . . . . 9 . 6 66 Total Damage 13303 | . . 104 . 331 92 83 . 329 . . 2467 1039 332 1119 . 531 . 1444 1334 . 619 . 341 125 . 84 . . . . . 253 . 340 2336 Kills 82 | . . 1 . 3 1 2 . 4 . . 8 12 4 5 . 1 . 10 7 . 3 . 1 1 . . . . . . . . . 1 18 Allies Corrupted 8 | . . . . . . 2 . . . . 2 . . 3 . . . . . . . . . . . . . . . . . 1 . . . Allies Melted 1 | . . . . . . . . . . . . . . . . . . . . . . . . . . . . . . . . . 1 . . Field Lobotomies 5 | . . . . 1 . . . . . . 1 . . . . . . . . . . . . . . . . . . . . . . 1 2 Intel | -11 -10 -10 -10 -9 -8 -8 -8 -8 -8 -7 -7 -7 -7 -7 -7 -6 -6 -6 -6 -6 -6 -5 -5 -5 -5 -4 -4 -4 -4 -4 -3 -3 -2 -1 -1 ------- Run | Yrd Mat Min Exi Min Mat Gar Mat Gar Mat Fac Was Fac Low Low Dat Pro Fac Ext Cet Arc Hub Fac Upp Upp Zhi Pro Fac Upp Upp War Pro Res Res Acc Com Robot Analysis Total 10 | . 1 . . . . . . . 2 . . . . . . . . 2 . . . 1 . . 4 . . . . . . . . . . Derelict Logs Recovered 13 | . . 2 . . . . . . . . . . 1 2 . 1 . . . . . . 2 . . 2 . 1 2 . . . . . . Drone Launches 46 | . . . . . . . . . . . . . . . . . . . . . . . . 3 . . 3 20 8 . . 12 . . . Drone Recoveries 44 | . . . . . . . . . . . . . . . . . . . . . . . . 3 . . 3 19 7 . . 12 . . . Exploration | -11 -10 -10 -10 -9 -8 -8 -8 -8 -8 -7 -7 -7 -7 -7 -7 -6 -6 -6 -6 -6 -6 -5 -5 -5 -5 -4 -4 -4 -4 -4 -3 -3 -2 -1 -1 ------------- Run | Yrd Mat Min Exi Min Mat Gar Mat Gar Mat Fac Was Fac Low Low Dat Pro Fac Ext Cet Arc Hub Fac Upp Upp Zhi Pro Fac Upp Upp War Pro Res Res Acc Com Turns Passed 48403 | 172 1564 2553 863 1052 1008 1451 2201 1205 1537 1330 1316 955 1411 2594 138 1750 385 1527 572 427 856 1308 1173 918 337 1078 1029 1795 1080 1287 1857 2087 2953 1680 2954 Spaces Moved 18175 | 67 721 647 266 316 242 509 680 389 456 454 512 372 556 870 77 591 167 588 195 159 375 482 662 439 160 402 349 578 261 350 682 1024 1618 715 1244 Core 7 | 4 . . . . . . . . . . . . . . . . . . . . . . . . . . . . . . . . . . 3 Treads 17929 | 63 721 623 266 316 242 509 680 389 456 454 512 372 556 870 77 591 68 472 195 159 375 482 662 439 160 402 349 578 261 350 682 1024 1618 715 1241 Legs 9 | . . . . . . . . . . . . . . . . . . 9 . . . . . . . . . . . . . . . . . Wheels 230 | . . 24 . . . . . . . . . . . . . . 99 107 . . . . . . . . . . . . . . . . . Hover . | . . . . . . . . . . . . . . . . . . . . . . . . . . . . . . . . . . . . Flight . | . . . . . . . . . . . . . . . . . . . . . . . . . . . . . . . . . . . . Fastest Speed 50 | 50 160 140 320 320 235 235 235 240 240 240 240 240 240 160 160 240 205 150 160 160 160 160 160 160 160 160 245 245 243 162 162 161 150 150 50 Average Speed 212 | 153 173 313 320 320 319 235 239 240 240 240 240 240 240 250 173 240 219 208 207 160 160 173 160 160 160 216 247 245 275 273 238 167 158 150 156 Slowest Speed 400 | 160 320 320 320 320 320 312 240 240 240 240 240 240 240 320 240 240 240 400 240 160 160 240 160 160 160 249 249 245 325 320 247 247 161 153 227 Overloaded Moves . | . . . . . . . . . . . . . . . . . . . . . . . . . . . . . . . . . . . . Propulsion Burnouts . | . . . . . . . . . . . . . . . . . . . . . . . . . . . . . . . . . . . . Robots Hopped . | . . . . . . . . . . . . . . . . . . . . . . . . . . . . . . . . . . . . Cave-ins Triggered 4 | . . . . . . . 2 . . . . . . . . . . 1 . . . . . . . . . . . . . . . 1 . Teleports 1 | . . . . . . . . . . . . . . . . . . . . . . . . . . . 1 . . . . . . . . Exploration Rate (%) 53 | 4 79 92 59 71 24 65 51 47 41 15 96 10 64 80 68 83 6 59 73 98 38 18 78 64 61 69 11 64 50 34 81 37 77 23 42 Regions Visited 35 Branch Regions 20 Pre-discovered Areas 12 | . 1 2 1 . . . . . . . . . 2 . 1 . . . . . . . . . 3 1 . 1 . . . . . . . Known Exits Taken 17 | . . . . . 1 . 1 . . . . 1 1 1 1 1 1 . . . . 1 . . . . 1 1 1 1 1 1 1 1 . Unknown Exits Taken 14 | 1 1 1 1 1 . . . . 1 . . . . . . . . 1 1 1 1 . 1 1 1 1 . . . . . . . . . Scrap Searched 22 | . . 1 . . . . . . . . . . 1 3 . 4 . . . . . . 4 1 . . . 3 3 . 2 . . . . Spaces Dug 454 | . 55 33 . . 1 . 18 5 15 20 . 3 7 7 . 18 5 24 . . 13 26 1 . . 3 12 17 20 45 8 51 13 21 13 Terrain Destroyed 1664 | 6 59 65 . . 4 24 28 65 84 21 . 3 7 11 . 62 5 74 7 17 235 148 17 59 . 89 46 62 36 56 34 63 82 114 81 Melee 55 | . . . . . . . 13 . . 20 . 3 3 3 . . . 1 . . . . . . . . . . . 7 . . . 5 . Projectile 607 | . 5 . . . 2 . 6 . 20 1 . . 4 8 . 32 5 3 7 17 38 52 7 23 . 30 22 33 10 49 34 28 48 60 63 AOE 998 | 6 54 65 . . 2 24 9 65 64 . . . . . . 30 . 70 . . 197 96 10 36 . 59 24 29 26 . . 35 34 48 15 Terrain Rammed . | . . . . . . . . . . . . . . . . . . . . . . . . . . . . . . . . . . . . Walls Destroyed . | . . . . . . . . . . . . . . . . . . . . . . . . . . . . . . . . . . . . Machines Disabled . | . . . . . . . . . . . . . . . . . . . . . . . . . . . . . . . . . . . . Actions | -11 -10 -10 -10 -9 -8 -8 -8 -8 -8 -7 -7 -7 -7 -7 -7 -6 -6 -6 -6 -6 -6 -5 -5 -5 -5 -4 -4 -4 -4 -4 -3 -3 -2 -1 -1 --------- Run | Yrd Mat Min Exi Min Mat Gar Mat Gar Mat Fac Was Fac Low Low Dat Pro Fac Ext Cet Arc Hub Fac Upp Upp Zhi Pro Fac Upp Upp War Pro Res Res Acc Com Total 25200 | 107 918 1079 281 352 435 694 1121 594 762 615 582 416 609 1189 82 818 177 785 326 271 550 748 742 576 216 521 455 900 597 564 851 1333 1940 1122 1872 Wait 3789 | 6 84 341 7 29 131 38 305 93 184 69 27 18 36 227 . 150 . 70 51 72 106 109 . 49 . 46 56 234 297 64 90 152 132 240 276 Move 18141 | 66 720 646 265 315 242 507 680 388 455 454 511 371 555 869 76 590 166 586 194 158 374 481 661 438 159 401 348 577 260 349 681 1023 1617 714 1244 Hop . | . . . . . . . . . . . . . . . . . . . . . . . . . . . . . . . . . . . . Pick Up 259 | 5 25 8 4 1 8 4 10 9 4 5 5 1 1 7 . 2 2 9 14 . 2 15 . 5 5 2 . 17 5 14 5 16 17 5 27 Fast Attach 224 | 7 2 5 . . 4 4 10 1 4 3 4 . . 4 3 4 1 14 4 2 3 4 1 7 7 2 4 7 5 10 3 25 24 2 44 Attach 172 | . 3 2 . . 4 . 3 8 1 3 1 . . 3 . 3 1 10 5 . 4 7 . 5 3 5 8 1 7 10 9 7 15 8 36 Detach 85 | . 3 2 . . 2 1 . . . 2 4 . . 1 . . . 6 2 . 2 2 . 3 2 . 1 3 3 10 6 8 9 . 13 Swap 364 | 1 12 13 1 3 12 8 14 19 12 18 10 4 3 15 . 5 . 13 17 6 6 18 5 9 2 5 5 10 3 23 7 13 25 27 20 Drop 336 | 1 8 9 4 1 9 7 22 7 10 9 10 3 . 9 3 2 . 12 19 3 8 6 2 9 11 1 2 10 1 21 5 44 35 2 31 Fire 1548 | 21 61 53 . 3 23 53 59 53 91 18 7 6 11 51 . 62 7 50 20 30 45 106 18 37 27 48 31 39 15 51 45 44 65 117 181 Melee 106 | . . . . . . . 18 12 . 34 3 3 3 3 . . . 10 . . . . . . . . . . 1 12 . . 1 6 . Ram . | . . . . . . . . . . . . . . . . . . . . . . . . . . . . . . . . . . . . Kick . | . . . . . . . . . . . . . . . . . . . . . . . . . . . . . . . . . . . . Crush 4 | . . . . . . 1 . . 1 . . . . . . . . . . . . . . . . . . . . . . 1 . 1 . Escape Stasis 21 | . . . . . . 12 . 4 . . . . . . . . . 5 . . . . . . . . . . . . . . . . . Rewire 139 | . . . . . . 59 . . . . . . . . . . . . . . . . 55 14 . 11 . . . . . . . . . Trap 10 | . . . . . . . . . . . . 10 . . . . . . . . . . . . . . . . . . . . . . . Miscellaneous 2 | . . . . . . . . . . . . . . . . . . . . . . . . . . . . 2 . . . . . . . Route ------- -11/Scrapyard -10/Materials (discovered 4 exits: [*Mat x2] / *Min x2) -10/Mines (discovered 3 exits: [*Mat x2] / *Exi) -10/Exiles -9/Mines (discovered 2 exits: *Mat x2) -8/Materials -8/Garrison (discovered 3 exits: *Mat x3) -8/Materials (discovered 2 exits: *Fac / Gar) -8/Garrison -8/Materials -7/Factory -7/Waste -7/Factory (discovered 2 exits: *Low x2) -7/Lower Caves -7/Lower Caves -7/Data Miner -6/Proximity Caves -6/Factory (discovered 3 exits: *Low / *Ext x2) -6/Extension (discovered 2 exits: *Fac / *Cet) -6/Cetus (discovered 2 exits: *Fac / [*Arc]) -6/Archives (discovered 3 exits: *Fac / *Hub x2) -6/Hub_04(d) (discovered 2 exits: *Fac x2) -5/Factory (discovered 2 exits: *Upp x2) -5/Upper Caves -5/Upper Caves (discovered 2 exits: *Fac / *Zhi) -5/Zhirov -4/Proximity Caves -4/Factory -4/Upper Caves -4/Upper Caves -4/Warlord -3/Proximity Caves -3/Research (discovered 2 exits: *Res x2) -2/Research (discovered 5 exits: *Acc x3 / *Tes x2) -1/Access -1/Command (discovered 2 exits: Sur x2) History --------- Turn | Location | Event 3 | -11/Scrapyard | Discovered new exit (range 15) 173 | -11/Scrapyard | Entered Materials 219 | -10/Materials | Discovered new exit (range 10) 310 | -10/Materials | Build established: Mutant 473 | -10/Materials | Discovered new exit (range 13) 730 | -10/Materials | Discovered new exit (range 14) 1473 | -10/Materials | Central database locked down 1511 | -10/Materials | Discovered new exit (range 16) 1737 | -10/Materials | Entered Mines 1753 | -10/Mines | Met a Derelict bent on vengeance 1874 | -10/Mines | Deemed a non-threat by the Exiles lab entrance 1877 | -10/Mines | Discovered new exit (range 5) 1979 | -10/Mines | Discovered new exit (range 10) 2114 | -10/Mines | Discovered new exit (range 6) 2363 | -10/Mines | Met a Derelict testing a Signal Generator 2368 | -10/Mines | Found Signal Generator 2888 | -10/Mines | Assembled infested the area 2893 | -10/Mines | Assisted by a Guerilla fighting off Assembled 2894 | -10/Mines | Met a Derelict who couldn't figure out how to use a Trap Extractor 3296 | -10/Mines | Core integrity fell below 50% 3566 | -10/Mines | Learned location of Zion (-6) 4290 | -10/Mines | Entered Exiles 4364 | -10/Exiles | Met 8R-AWN 4422 | -10/Exiles | Met EX-HEX 4514 | -10/Exiles | Met EX-BIN 4661 | -10/Exiles | Aligned with FarCom system 4664 | -10/Exiles | Given EX-Vault access code 4741 | -10/Exiles | Opened EX-Vault 4764 | -10/Exiles | Found Field Lobotomy Kit 4825 | -10/Exiles | Warned to stay clear of 0b10 Research branches 4918 | -10/Exiles | Met EX-DEC 5121 | -10/Exiles | Discovered new exit (range 12) 5153 | -10/Exiles | Left Exiles lab with Field Lobotomy Kit 5153 | -10/Exiles | Entered Mines 5320 | -9/Mines | Assimilated YI-UF0 with FLK Orb 5614 | -9/Mines | Discovered new exit (range 15) 5857 | -9/Mines | A weapon hastily lodged in a ceiling crevice suddenly fell to the ground 5938 | -9/Mines | Discovered new exit (range 15) 5971 | -9/Mines | Received a Rocket Launcher from a helpful Derelict 6205 | -9/Mines | Entered Materials 6205 | -8/Materials | Accompanied by 1 ally (*bomer) 6205 | -8/Materials | Evolved 4 slots: Propulsion x1, Utility x2, Weapon x1 6399 | -8/Materials | Murdered *bomer 6399 | -8/Materials | Destroyed *bomer 6682 | -8/Materials | Build established: Skirmisher 7213 | -8/Materials | Identified exit to Garrison 7213 | -8/Materials | Entered Garrison 7242 | -8/Garrison | Triggered checkpoint 7331 | -8/Garrison | Garrison Relay disabled 7595 | -8/Garrison | Triggered checkpoint 7598 | -8/Garrison | Triggered checkpoint 7706 | -8/Garrison | Build established: Scavenger-Skirmisher 7841 | -8/Garrison | Discovered new exit (range 15) 8210 | -8/Garrison | Garrison Relay disabled 8240 | -8/Garrison | Triggered checkpoint 8274 | -8/Garrison | Discovered new exit (range 10) 8299 | -8/Garrison | Attempted to access garrison exit controls, blocked by remote lockdown 8358 | -8/Garrison | Discovered new exit (range 71) 8358 | -8/Garrison | Discovered new exit (range 12) 8358 | -8/Garrison | Discovered new exit (range 29) 8518 | -8/Garrison | Triggered checkpoint 8561 | -8/Garrison | Destroyed 7 combat bots 8664 | -8/Garrison | Entered Materials 8882 | -8/Materials | Garrison activated, responded to threat 9418 | -8/Materials | Discovered new exit (range 3) 9553 | -8/Materials | Build established: Skirmisher 9973 | -8/Materials | Crushed by falling debris 9998 | -8/Materials | Crushed by falling debris 10424 | -8/Materials | Build established: Scavenger-Skirmisher 10516 | -8/Materials | Garrison activated, responded to threat 10865 | -8/Materials | Identified exit to Garrison 10865 | -8/Materials | Entered Garrison 10921 | -8/Garrison | Triggered checkpoint 10942 | -8/Garrison | Garrison Relay disabled 11067 | -8/Garrison | Triggered checkpoint 11111 | -8/Garrison | Core integrity fell below 50% 11169 | -8/Garrison | Lost 3 parts (1n1u1w) 11174 | -8/Garrison | Destroyed 9 combat bots 11219 | -8/Garrison | Triggered checkpoint 11329 | -8/Garrison | Triggered checkpoint 11403 | -8/Garrison | Garrison Relay disabled 11434 | -8/Garrison | Triggered checkpoint 11481 | -8/Garrison | Lost 3 allies 11553 | -8/Garrison | Triggered checkpoint 11785 | -8/Garrison | Discovered new exit (range 14) 11844 | -8/Garrison | Destroyed 7 combat bots 11847 | -8/Garrison | Lost 5 parts (1p2n1u1w) 12070 | -8/Garrison | Entered Materials 12210 | -8/Materials | System corruption reached 10% 12213 | -8/Materials | Core integrity fell below 20% 12880 | -8/Materials | Repaired Rnf. Ion Engine? 13303 | -8/Materials | Central database locked down 13583 | -8/Materials | Discovered new exit (range 3) 13602 | -8/Materials | Build established: Skirmisher 13607 | -8/Materials | Entered Factory 13607 | -7/Factory | Evolved 2 slots: Propulsion x1, Utility x1 13803 | -7/Factory | Repaired Lgt. Treads 14752 | -7/Factory | Discovered new exit (range 5) 14764 | -7/Factory | Identified exit to Factory 14937 | -7/Factory | Sucked down chute 14937 | -7/Factory | Entered Waste 14938 | -7/Waste | Met a frightened Derelict 14958 | -7/Waste | Build established: Scavenger-Mutant 14963 | -7/Waste | Spotted C-40 Crusher 14967 | -7/Waste | Assimilated C-40 Crusher with FLK Orb 15056 | -7/Waste | Warlord forces began an assault 15092 | -7/Waste | Spotted C-40 Crusher 15095 | -7/Waste | Allies destroyed C-40 Crusher 15102 | -7/Waste | Lost 3 allies 15114 | -7/Waste | Spotted C-40 Crusher 15119 | -7/Waste | Allies destroyed C-40 Crusher 15135 | -7/Waste | Spotted C-40 Crusher 15145 | -7/Waste | Allies destroyed C-40 Crusher 15204 | -7/Waste | Spotted C-40 Crusher 15212 | -7/Waste | Allies destroyed C-40 Crusher 15298 | -7/Waste | Discovered new exit (range 15) 16183 | -7/Waste | Identified exit to Factory 16253 | -7/Waste | Entered Factory 16253 | -7/Factory | Accompanied by 15 allies 16264 | -7/Factory | Build established: Scavenger-Skirmisher 16348 | -7/Factory | Garrison activated, responded to threat 16477 | -7/Factory | Identified exit to Lower Caves 17074 | -7/Factory | Build established: Scavenger-Mutant 17208 | -7/Factory | Entered Lower Caves 17208 | -7/Lower Caves | Accompanied by 12 allies 17238 | -7/Lower Caves | Met a Warlord Commander 17239 | -7/Lower Caves | Learned location of Warlord (-4) 17240 | -7/Lower Caves | Warlord Commander delivered Encrypted Comm Array 17240 | -7/Lower Caves | Found Encrypted Comm Array 17315 | -7/Lower Caves | Encountered a Warlord checkpoint 17494 | -7/Lower Caves | Build established: Scavenger-Skirmisher 18468 | -7/Lower Caves | Discovered new exit (range 6) 18614 | -7/Lower Caves | Identified exit to Lower Caves 18619 | -7/Lower Caves | Entered another Lower Caves area 18619 | -7/Lower Caves | Accompanied by 10 allies 18622 | -7/Lower Caves | Spotted B-75 Beast 18626 | -7/Lower Caves | Allies destroyed B-75 Beast 19223 | -7/Lower Caves | Acquired the password to a Derelict Tinkerer's latest research 19237 | -7/Lower Caves | Found Prototype Special Weapon 19409 | -7/Lower Caves | Lost 9 allies 19486 | -7/Lower Caves | Build established: Skirmisher 19574 | -7/Lower Caves | Ambushed by research squad 19598 | -7/Lower Caves | P-60 Hacker assimilated allied Crusher 4a 19629 | -7/Lower Caves | System corruption reached 10% 19904 | -7/Lower Caves | Learned Factory trap positions 20277 | -7/Lower Caves | Build established: Tank 20613 | -7/Lower Caves | Build established: Skirmisher 20888 | -7/Lower Caves | Destroyed Crusher 4a 21050 | -7/Lower Caves | Discovered new exit (range 11) 21051 | -7/Lower Caves | Encountered a Warlord checkpoint 21072 | -7/Lower Caves | Identified exit to Data Miner 21184 | -7/Lower Caves | Build established: Scavenger-Skirmisher 21213 | -7/Lower Caves | Entered Data Miner 21213 | -7/Data Miner | Discovered new exit (range 6) 21253 | -7/Data Miner | Met Data Miner 21282 | -7/Data Miner | Learned location of Section 7 (-2) 21287 | -7/Data Miner | Acquired the access code to Warlord's prototype stash 21306 | -7/Data Miner | Received God Mode back door access code from Data Miner 21348 | -7/Data Miner | Identified exit to Proximity Caves 21351 | -7/Data Miner | Entered Proximity Caves 21667 | -6/Proximity Caves | Attracted the attention of an 0b10 outpost 21699 | -6/Proximity Caves | Escorted by Enhanced Grunt 21728 | -6/Proximity Caves | Lost 5 parts (1n1u3w) 21983 | -6/Proximity Caves | Spotted B-75 Beast 22500 | -6/Proximity Caves | Learned Factory terminal intel 23065 | -6/Proximity Caves | Discovered exit to Factory (range 13) 23101 | -6/Proximity Caves | Entered Factory 23101 | -6/Factory | Evolved 2 slots: Propulsion x1, Utility x1 23102 | -6/Factory | Identified exit to Extension 23103 | -6/Factory | Loaded intel: 73 trap records 23104 | -6/Factory | Loaded intel: 28 terminal locations 23185 | -6/Factory | Discovered new exit (range 12) 23209 | -6/Factory | Identified exit to Lower Caves 23480 | -6/Factory | Discovered exit to Extension (range 5) 23486 | -6/Factory | Entered Extension 23589 | -6/Extension | Rescued a captive Derelict 23590 | -6/Extension | Rescued a captive Derelict 23749 | -6/Extension | Lost 6 parts (1p3n2w) 23848 | -6/Extension | Build established: Hacker-Skirmisher 23878 | -6/Extension | Rescued a captive Derelict 23926 | -6/Extension | Rescued a captive Derelict 23927 | -6/Extension | Rescued a captive Derelict 23982 | -6/Extension | Identified Molecular Deconstructor 24087 | -6/Extension | Rescued A7 24107 | -6/Extension | Rescued a captive Derelict 24126 | -6/Extension | Rescued a captive Derelict 24227 | -6/Extension | Crushed by falling debris 24434 | -6/Extension | Lost 3 allies 24473 | -6/Extension | Build established: Mutant 24522 | -6/Extension | Rescued a captive Derelict 24674 | -6/Extension | Rescued a captive Derelict 24703 | -6/Extension | Rescued a captive Derelict 24704 | -6/Extension | Rescued a captive Derelict 24913 | -6/Extension | Discovered new exit (range 10) 24915 | -6/Extension | Discovered new exit (range 6) 25013 | -6/Extension | Entered Cetus 25013 | -6/Cetus | Accompanied by 4 allies (A7) 25018 | -6/Cetus | Acquired a Cetus Manufacturing Module code from A7 25031 | -6/Cetus | Spotted Cetus Guard 25031 | -6/Cetus | Spotted Cetus Guard 25033 | -6/Cetus | Spotted Cetus Guard 25033 | -6/Cetus | Spotted Cetus Guard 25045 | -6/Cetus | Allies destroyed Cetus Guard 25055 | -6/Cetus | Allies destroyed Cetus Guard 25061 | -6/Cetus | Allies destroyed Cetus Guard 25064 | -6/Cetus | Allies destroyed Cetus Guard 25107 | -6/Cetus | System corruption reached 10% 25223 | -6/Cetus | Build established: Scavenger-Skirmisher 25244 | -6/Cetus | Started Cetus Manufacturing Module 25269 | -6/Cetus | Manufactured an Enhanced Grunt 25292 | -6/Cetus | Escorted A7 to Cetus Mainframe 25294 | -6/Cetus | Manufactured an Enhanced Grunt 25307 | -6/Cetus | Discovered new exit (range 22) 25319 | -6/Cetus | Manufactured an Enhanced Grunt 25344 | -6/Cetus | Manufactured an Enhanced Grunt 25366 | -6/Cetus | Spotted Cetus Guard 25366 | -6/Cetus | Spotted Cetus Guard 25369 | -6/Cetus | Manufactured an Enhanced Grunt 25372 | -6/Cetus | Spotted Cetus Guard 25372 | -6/Cetus | Spotted Cetus Guard 25377 | -6/Cetus | Allies destroyed Cetus Guard 25381 | -6/Cetus | Discovered new exit (range 21) 25390 | -6/Cetus | Extracted ID and sensor layout for unrecognized location from A7's data core 25392 | -6/Cetus | Allies destroyed Cetus Guard 25398 | -6/Cetus | Destroyed Cetus Guard 25412 | -6/Cetus | Destroyed Cetus Guard 25423 | -6/Cetus | Lost 6 allies 25440 | -6/Cetus | Met Revision 17 25523 | -6/Cetus | Found Prototype Device 25523 | -6/Cetus | Identified Exp. Thermal Shield 25585 | -6/Cetus | Entered Archives 25585 | -6/Archives | Accompanied by 1 ally 25733 | -6/Archives | Discovered new exit (range 22) 25747 | -6/Archives | Discovered new exit (range 13) 25809 | -6/Archives | Discovered new exit (range 14) 26012 | -6/Archives | Entered Hub_04(d) 26012 | -6/Hub_04(d) | Accompanied by 1 ally 26356 | -6/Hub_04(d) | Garrison activated, responded to threat 26414 | -6/Hub_04(d) | Discovered new exit (range 15) 26679 | -6/Hub_04(d) | Discovered new exit (range 6) 26857 | -6/Hub_04(d) | Network Hub disabled 26861 | -6/Hub_04(d) | Spotted Lightning 26862 | -6/Hub_04(d) | Spotted Lightning 26864 | -6/Hub_04(d) | System corruption reached 30% 26865 | -6/Hub_04(d) | Spotted Lightning 26868 | -6/Hub_04(d) | Entered Factory 26868 | -5/Factory | Evolved 2 slots: Power x1, Utility x1 26909 | -5/Factory | Identified exit to Upper Caves 27190 | -5/Factory | Joined by Warlord Pyro squad 27768 | -5/Factory | First assault squad dispatched 28176 | -5/Factory | Entered Upper Caves 28271 | -5/Upper Caves | Learned Factory terminal intel 28290 | -5/Upper Caves | Attacked by a delusional Derelict stockpiling Unaware 28464 | -5/Upper Caves | Build established: Scavenger-Tank 28585 | -5/Upper Caves | Spotted B-75 Beast 28659 | -5/Upper Caves | Attracted the attention of an 0b10 checkpoint 29012 | -5/Upper Caves | Discovered new exit (range 14) 29145 | -5/Upper Caves | Learned Factory stockpile data 29159 | -5/Upper Caves | Encountered a Warlord checkpoint 29349 | -5/Upper Caves | Entered another Upper Caves area 29349 | -5/Upper Caves | Accompanied by 3 allies 29381 | -5/Upper Caves | Encountered a Warlord checkpoint 29555 | -5/Upper Caves | Discovered new exit (range 4) 29819 | -5/Upper Caves | Attracted the attention of an 0b10 outpost 29889 | -5/Upper Caves | Destroyed 8 combat bots 30155 | -5/Upper Caves | Discovered new exit (range 21) 30267 | -5/Upper Caves | Entered Zhirov 30267 | -5/Zhirov | Accompanied by 2 allies 30269 | -5/Zhirov | Discovered new exit (range 3) 30299 | -5/Zhirov | Met Zhirov 30330 | -5/Zhirov | Learned location of Quarantine (-3) 30330 | -5/Zhirov | Learned location of Testing (-2) 30330 | -5/Zhirov | Learned location of Command (-1) 30344 | -5/Zhirov | Zhirov requested help retrieving the SGEMP Prototype 30369 | -5/Zhirov | Found Alien Artifact 30369 | -5/Zhirov | Identified Integrated Dissipator 30369 | -5/Zhirov | Installed Integrated Dissipator, increased core heat dissipation (+20) 30529 | -5/Zhirov | Found Alien Artifact 30572 | -5/Zhirov | Build established: Scavenger-Mutant 30604 | -5/Zhirov | Entered Proximity Caves 30604 | -4/Proximity Caves | Accompanied by 2 allies 30788 | -4/Proximity Caves | Learned 4 Research zone layouts 30803 | -4/Proximity Caves | Attracted the attention of an 0b10 checkpoint 30908 | -4/Proximity Caves | Build established: Scavenger-Tank 30919 | -4/Proximity Caves | Attracted the attention of an 0b10 outpost 30973 | -4/Proximity Caves | Lost 3 parts (1p1u1w) 30976 | -4/Proximity Caves | Destroyed 9 combat bots 31048 | -4/Proximity Caves | Destroyed 10 combat bots 31051 | -4/Proximity Caves | Lost 3 parts (1n1u1w) 31371 | -4/Proximity Caves | Discovered new exit (range 14) 31682 | -4/Proximity Caves | Entered Factory 31682 | -4/Factory | Accompanied by 2 allies 31682 | -4/Factory | Evolved 2 slots: Utility x2 31684 | -4/Factory | Loaded intel: 26 terminal locations 32029 | -4/Factory | P-70 Sage assimilated allied Warrior 7b 32074 | -4/Factory | Lost 3 parts (2u1w) 32188 | -4/Factory | Identified Transdimensional Reconstructor 32188 | -4/Factory | Warped through subspace 32331 | -4/Factory | Build established: Skirmisher 32478 | -4/Factory | Discovered new exit (range 7) 32512 | -4/Factory | Identified exit to Upper Caves 32711 | -4/Factory | Entered Upper Caves 32745 | -4/Upper Caves | Spotted B-86 Titan 33395 | -4/Upper Caves | Build established: Derelict-Skirmisher 34094 | -4/Upper Caves | Build established: Skirmisher 34285 | -4/Upper Caves | Discovered new exit (range 17) 34467 | -4/Upper Caves | Identified exit to Upper Caves 34506 | -4/Upper Caves | Entered another Upper Caves area 34508 | -4/Upper Caves | Attracted the attention of an 0b10 checkpoint 34536 | -4/Upper Caves | System corruption reached 10% 34562 | -4/Upper Caves | Lost 4 parts (1n1u2w) 34608 | -4/Upper Caves | Learned Research trap positions 34732 | -4/Upper Caves | Learned Research emergency access door positions 34821 | -4/Upper Caves | Build established: Scavenger-Skirmisher 35263 | -4/Upper Caves | Lost 4 parts (1n2u1w) 35515 | -4/Upper Caves | Discovered new exit (range 6) 35531 | -4/Upper Caves | Identified exit to Warlord 35586 | -4/Upper Caves | Entered Warlord 35775 | -4/Warlord | System corruption cleaned by Quarantine Array 35825 | -4/Warlord | System corruption cleaned by Quarantine Array 35967 | -4/Warlord | Met Warlord 35992 | -4/Warlord | Warlord's base attacked by MAIN.C 36180 | -4/Warlord | Build established: Scavenger-Mutant 36201 | -4/Warlord | Opened Warlord's prototype stash 36214 | -4/Warlord | Found Prototype Reactor 36260 | -4/Warlord | Found Prototype Device 36260 | -4/Warlord | Identified Exp. Focal Shield 36342 | -4/Warlord | Warlord forces counterattacked 36370 | -4/Warlord | Spotted Striker 36440 | -4/Warlord | Spotted Striker 36460 | -4/Warlord | Spotted Executioner 36526 | -4/Warlord | Spotted Executioner 36528 | -4/Warlord | Spotted Striker 36536 | -4/Warlord | Destroyed Striker 36574 | -4/Warlord | Lost 30 allies 36665 | -4/Warlord | Spotted Striker 36667 | -4/Warlord | Build established: Scavenger-Tank 36667 | -4/Warlord | Warlord base infiltrated, sounded retreat 36685 | -4/Warlord | Destroyed Striker 36703 | -4/Warlord | Lost 4 allies 36743 | -4/Warlord | Found Prototype Ballistic Cannon 36743 | -4/Warlord | Identified Hvy. Autocannon 36796 | -4/Warlord | Spotted Executioner 36812 | -4/Warlord | P-80 Master assimilated allied 9H-X9E(Y) 36831 | -4/Warlord | Discovered new exit (range 16) 36853 | -4/Warlord | Lost 11 allies 36864 | -4/Warlord | Identified exit to Proximity Caves 36873 | -4/Warlord | Entered Proximity Caves 38611 | -3/Proximity Caves | Discovered new exit (range 4) 38654 | -3/Proximity Caves | Identified exit to Research 38730 | -3/Proximity Caves | Entered Research 38730 | -3/Research | Evolved 2 slots: Propulsion x1, Utility x1 38732 | -3/Research | Loaded intel: 111 trap records 38930 | -3/Research | Revision forces began assault on 0b10 39021 | -3/Research | Met up with Revision 17++ 39029 | -3/Research | Found Prototype Protection 39029 | -3/Research | Identified Centrium Heavy Armor Plating 39208 | -3/Research | Found Adv. Powered Armor 39320 | -3/Research | Build established: Scavenger-Skirmisher 39377 | -3/Research | Allied Derelicts emerged from ambush trap array 39394 | -3/Research | Found Prototype Hackware 39394 | -3/Research | Identified Exp. System Shield 39430 | -3/Research | Research terminal network offline 39513 | -3/Research | P-80 Master assimilated allied 91-OW2(g) 39588 | -3/Research | Found Prototype Launcher 39588 | -3/Research | Identified Adv. Micro-nuke Launcher 39598 | -3/Research | Found Adv. Micro-nuke Launcher 39754 | -3/Research | Spotted B-86 Titan 39794 | -3/Research | Found Prototype Processor 39794 | -3/Research | Identified Spectral Analyzer 39941 | -3/Research | Repaired Centrium Heavy Treads 40029 | -3/Research | Discovered new exit (range 5) 40036 | -3/Research | Identified exit to Research 40219 | -3/Research | Discovered exit to Research (range 14) 40304 | -3/Research | Found Unknown Device 40304 | -3/Research | Identified Launcher Loader 40405 | -3/Research | Spotted Striker 40441 | -3/Research | Lost 3 allies 40498 | -3/Research | Spotted Striker 40507 | -3/Research | Spotted Striker 40522 | -3/Research | Destroyed Striker 40553 | -3/Research | Destroyed Striker 40644 | -3/Research | Spotted Striker 40695 | -3/Research | Lost 4 allies 40734 | -3/Research | Spotted Striker 40817 | -3/Research | Entered another Research area 40817 | -2/Research | Warlord forces began assault on 0b10 40817 | -2/Research | Evolved 2 slots: Utility x2 40842 | -2/Research | Distinguished unit "Grunt Murderers" dispatched to help 40927 | -2/Research | Research machine network offline 41038 | -2/Research | Build established: Scavenger-Tank 41268 | -2/Research | Met up with Warlord 41340 | -2/Research | Borebot progress halted 41360 | -2/Research | Identified Vortex Chain Reactor 41494 | -2/Research | Spotted Striker 41496 | -2/Research | Borebot progress halted 41498 | -2/Research | Spotted Striker 41512 | -2/Research | Borebot progress halted 41513 | -2/Research | Spotted Executioner 41519 | -2/Research | Spotted Executioner 41545 | -2/Research | Destroyed Executioner 41566 | -2/Research | Destroyed 9 combat bots 41566 | -2/Research | Lost 3 parts (2p1u) 41570 | -2/Research | Lost 14 allies 41600 | -2/Research | Spotted Striker 41603 | -2/Research | Spotted Striker 41615 | -2/Research | Spotted Executioner 41649 | -2/Research | Destroyed Executioner 41649 | -2/Research | Spotted Executioner 41694 | -2/Research | Lost 6 allies 41694 | -2/Research | Found Prototype Device 41694 | -2/Research | Identified Adv. Kinecellerator 41698 | -2/Research | Found Prototype Processor 41698 | -2/Research | Identified Exp. Core Analyzer 42209 | -2/Research | Discovered new exit (range 23) 42227 | -2/Research | Found Exp. Core Analyzer 42284 | -2/Research | Identified exit to Access 42542 | -2/Research | Discovered exit to Access (range 9) 42572 | -2/Research | Spotted Striker 42576 | -2/Research | Spotted Striker 42590 | -2/Research | Destroyed Striker 42603 | -2/Research | Destroyed Striker 42641 | -2/Research | Discovered new exit (range 8) 42651 | -2/Research | Identified exit to Testing 43178 | -2/Research | Discovered exit to Testing (range 10) 43262 | -2/Research | Found Prototype Device 43262 | -2/Research | Identified Exp. EM Disruption Field 43324 | -2/Research | Discovered exit to Access (range 11) 43768 | -2/Research | Spotted Striker 43770 | -2/Research | Entered Access 43770 | -1/Access | Evolved 2 slots: Utility x1, Weapon x1 43796 | -1/Access | Lost 4 allies 44367 | -1/Access | Destroyed 15 combat bots 44780 | -1/Access | Crushed by falling debris 44938 | -1/Access | System corruption reached 10% 45133 | -1/Access | Spotted B-99 Colossus 45133 | -1/Access | Spotted B-99 Colossus 45196 | -1/Access | Assimilated H-81 Overseer with FLK Orb 45261 | -1/Access | Lost 7 parts (2p5u) 45367 | -1/Access | Destroyed 14 combat bots 45439 | -1/Access | Discovered new exit (range 7) 45449 | -1/Access | Identified exit to Command 45450 | -1/Access | Entered Command 45555 | -1/Command | Spotted B-99 Colossus 45641 | -1/Command | Spotted B-99 Colossus 45844 | -1/Command | Build established: Scavenger-Skirmisher 46450 | -1/Command | First assault squad dispatched 46464 | -1/Command | Spotted Alpha 7 46511 | -1/Command | Destroyed Alpha 7 46565 | -1/Command | Found Prototype Ballistic Gun 46565 | -1/Command | Identified Multirail 46570 | -1/Command | Lost 5 parts (1p2u2w) 46604 | -1/Command | Spotted M Guard 46604 | -1/Command | Spotted M Guard 46604 | -1/Command | Spotted Combat Programmer 46606 | -1/Command | Spotted Combat Programmer 46713 | -1/Command | Assimilated Combat Programmer with FLK Orb 46719 | -1/Command | Assimilated Combat Programmer with FLK Orb 46735 | -1/Command | Allies destroyed M Guard 46770 | -1/Command | Found Corrupted Adv. Micro-nuke Launcher 46773 | -1/Command | Found Corrupted Prototype Reactor 46773 | -1/Command | Identified Zero-point Reactor 46774 | -1/Command | System corruption reached 30% 46779 | -1/Command | Found Corrupted Prototype Launcher 46788 | -1/Command | Found Corrupted Prototype Device 46873 | -1/Command | Spotted Striker 46876 | -1/Command | Allies destroyed Striker 47004 | -1/Command | Combat Programmer assimilated hostile L-61 Swordsman 47071 | -1/Command | Build established: Scavenger-Tank 47194 | -1/Command | Spotted Executioner 47194 | -1/Command | Spotted Executioner 47197 | -1/Command | Allies destroyed Executioner 47200 | -1/Command | Allies destroyed Executioner 47237 | -1/Command | P-80 Master assimilated allied Swordsman 10a 47321 | -1/Command | Combat Programmer assimilated hostile B-74 Champion 47507 | -1/Command | All MAIN.C guards destroyed 47580 | -1/Command | Destroyed 8 combat bots 47785 | -1/Command | Destroyed 8 combat bots 47848 | -1/Command | Met MAIN.C 47908 | -1/Command | 0b10 Conduit disabled 47922 | -1/Command | Destroyed MAIN.C Shell 47925 | -1/Command | MAIN.C activated Command garrisons 47925 | -1/Command | Surrendered to MAIN.C 47925 | -1/Command | Loaded intel: 57 machine locations 47925 | -1/Command | Loaded intel: 111 trap records 47925 | -1/Command | Identified exit to Surface 47925 | -1/Command | Discovered exit to Surface (range 86) 47925 | -1/Command | Discovered exit to Surface (range 41) 47956 | -1/Command | Lost 7 parts (1n3u3w) 47989 | -1/Command | Build established: Scavenger-Gunner 48012 | -1/Command | Found Multirail 48016 | -1/Command | Found Prototype Device 48016 | -1/Command | Identified Femtoactuators 48020 | -1/Command | Found Prototype Device 48020 | -1/Command | Identified Exp. Transmission Jammer 48026 | -1/Command | Found Prototype Device 48026 | -1/Command | Identified Exp. System Purifier 48029 | -1/Command | Found Prototype Device 48029 | -1/Command | Identified Adv. Particle Accelerator 48033 | -1/Command | Found Prototype Protection 48033 | -1/Command | Identified Hvy. Regenerative Plating 48075 | -1/Command | Found Zero-point Reactor 48081 | -1/Command | Found Vortex Chain Reactor 48128 | -1/Command | MAIN.C activated Command garrisons 48163 | -1/Command | Unknown forces attacked Command 48163 | -1/Command | Spotted EQ-004 48163 | -1/Command | Spotted EQ-001 48163 | -1/Command | Spotted EQ-000 48163 | -1/Command | Spotted EQ-002 48163 | -1/Command | Spotted EQ-009 48163 | -1/Command | Spotted EQ-005 48163 | -1/Command | Spotted EQ-003 48163 | -1/Command | Spotted EQ-006 48190 | -1/Command | Core integrity fell below 50% 48191 | -1/Command | Destroyed EQ-002 48211 | -1/Command | Destroyed EQ-003 48237 | -1/Command | Destroyed EQ-001 48251 | -1/Command | Spotted EQ-020 48251 | -1/Command | Spotted EQ-018 48251 | -1/Command | Spotted EQ-019 48257 | -1/Command | Lost 6 parts (1p3u2w) 48265 | -1/Command | Destroyed EQ-019 48285 | -1/Command | Destroyed EQ-020 48307 | -1/Command | Lost 3 parts (2n1u) 48332 | -1/Command | Spotted EQ-031 48332 | -1/Command | Spotted EQ-021 48334 | -1/Command | Spotted EQ-015 48350 | -1/Command | Spotted EQ-041 48350 | -1/Command | Spotted EQ-038 48350 | -1/Command | Spotted EQ-042 48350 | -1/Command | Spotted EQ-039 48350 | -1/Command | Spotted EQ-040 48357 | -1/Command | Spotted EQ-022 48365 | -1/Command | Core integrity fell below 20% 48369 | -1/Command | Destroyed EQ-022 48385 | -1/Command | Destroyed EQ-021 48393 | -1/Command | Spotted EQ-050 48394 | -1/Command | Spotted EQ-053 48396 | -1/Command | Spotted EQ-014 48397 | -1/Command | Spotted EQ-023 48402 | -1/Command | Identified Ragnarok Missile Launcher 48402 | -1/Command | Spotted EQ-032 48403 | -1/Command | Released all parts (7) 48404 | -1/Command | Destroyed by EQ-014 with Cooled Phase Cannon Last Messages --------------- 48400_ Swarm Drone destroyed. 48400_ Adv. Micro-nuke Launcher destroyed. 48401_ SGGSUA3SXJG>GJ=DVHZA&,EWD:N6FBB7UE 48401_ Enh. Nova Cannon destroyed. 48401_ EQ-042 Prototype Leg blasted off. 48401_ EQ-042 knocked back. 48402_ Identified Ragnarok Missile Launcher. 48402_ Integrated Corrupted Ragnarok Missile Launcher (+1). 48402_ Corrupted Ragnarok Missile Launcher temporarily disabled. 48402_ Hvy. Hardcell Cannon destroyed. 48403_ Released Exp. Heat Sink. 48403_ Released Exp. System Purifier. 48403_ Released Exp. Core Analyzer. 48403_ Released Exp. Optical Array. 48403_ Released Huge Storage Unit. 48403_ Released Adv. Coolant Injector. 48403_ Released Ragnarok Missile Launcher. 48403_ MAIN.C suffers critical hit (Destroy). 48403_ Penetrated by Slug. 48404_ Neutron Missile intercepted. Map ----- +----------------------------------------------------+ | ##! ""#?????????????????????????????????#? | | ## #?????????????????????????????????#? | | ## #?????????????????????????????????#? | | ###############?????????????????????????????????#? | | #???????????????????????????????????????????????#? | | #???????????????????????????????????????????????#? | | #???????????????????????????????????????????????#? | | #???????????????????????????????????????????????#? | | #???????????????????????????????????????????????#? | | #???????????????????????????????????????????????#? | | ###?????????????????????????????????????????????#? | | #?????????????????????????????????????????????#? | | < #?????????????????????????????????????????????#? | | #?????????????????????????????????????????????#? | | ###?????????????????????????????????????????????#? | | ##########??????????????????????????????????????#? | | #??????????????????????????????????????#? | | #??????????????????????????????????????#? | | #???????###########################????#? | | #???????#?????????????????????????#????#? | | #???????#?#######################?#????#? | | ####????#?# % % ######### | | + #????#?# % % % #?#?????? | | ###+####### #????#?# % % % ######### | | #???# #????#?# % /% % | | !#???# #????#?# @ % /% % | | = #???# #????#?# %%/] % % !%= % | | #???# #????#?# ]=%!%% = ######### | | #####+##???#?#%%%!%% % % %! % #?#?????? | | # #???#?# /%!!! % M % ######### | | # ## #???#?# ]]! %%% * % #?#????#? | | # ## #???#?# %! = """"""#?#????#? | | # ## #???#?# % %% ] """""""#?#????#? | | # ## #???#?# QQ % """""""#?#????#? | | # ## #???#?# Q [%% " " #?#????#? | | # ##+###########QQ% %!% " " #?#????#? | | # n ! % """" " #?#????#? | | # % = = = " "" #?#????#? | | " % %%Q " #?#????#? | | " ###+###### * % " " #?#????#? | | ## #?#?# Q" " " """#?#????#? | | " ## #?#?# """ " " #?#????#? | | " ^^^ ## !#?#?#######################?#????#? | | # ## #?#?????????????????????????#????#? | | # ## ==#?###########################????#? | | # ## ==#????????????????????????????????#? | | # ## #????????????????????????????????#? | | #^ ^ ######????????????????????????????????#? | | # ^^ #?????????????????????????????????????#? | | # ##############????????????????????????#? | +----------------------------------------------------+ Best States ------------- Heat Dissipation 167 Coolant Potential 100 Energy Generation 61 Energy Capacity 1300 Matter Stores 300 Matter Capacity 450 Sight Range 23 Robot Scan Range 18 Terrain Scan Density 10 Jamming Range 14 Armor Coverage 2750 Resistance: KI 30 Resistance: TH 30 Core Shielding 40 Power Shielding 66 Propulsion Shielding 33 Weapon Cycling 25 Phase Shifting 15 Evasion (%) 55 Targeting Accuracy 8 Melee Accuracy 6 Target Analysis 8 Core Analysis 12 Recoil Reduction 6 Particle Charging 50 Kinecelleration 50 Offensive Hacking 30 Defensive Hacking 12 Item Schematics ----------------- Wave Gun | -7/Factory | Hacked Combat Drone Bay | -7/Data Miner | Free Lgt. Regenerative Plating | -7/Data Miner | Free Biomechanical Wings | -7/Data Miner | Free Exp. Targeting Computer | -7/Data Miner | Free Antimatter Cannon | -7/Data Miner | Free Field Propulsion Drive | -7/Data Miner | Free Recoil Nullifier | -7/Data Miner | Free Lance | -7/Data Miner | Free Adv. Heat Sink | -7/Data Miner | Free Nuclear Pulse Array | -7/Data Miner | Free Hardcell Cannon | -6/Extension | Hacked Assault Drone Bay | -5/Zhirov | Free Exp. Heat Sink | -5/Zhirov | Free Exp. Optical Array | -5/Zhirov | Free Imp. Arc Thrower | -5/Zhirov | Free Centrium Heavy Treads | -3/Research | Scanalyzed Robot Schematics ------------------ A-15 Conveyor | -7/Data Miner | Free Y-54 Guardian | -7/Data Miner | Free L-41 Fighter | -7/Data Miner | Free Fabricated ------------ Nothing Alien Tech Used ----------------- Integrated Dissipator Transdimensional Reconstructor Achievements -------------- Deconstruction Challenges ------------ None Game ------ Seed StasisLegDisintegrator Manual? 0 Play Time 06:48:29 Cumulative 228.6 hours Start 2024.07.29 @ 18:39:07 End 2024.08.03 @ 17:55:14 Sessions 9 Manual Loads 0 Difficulty Rogue Special Mode None Game No. 108 Rogue 108 Adventurer 0 Explorer 0 Win Type - Total 8 Types 4/1/3/0/0/0/0/0/0 Lore% 80 Gallery% 87 Achievement% 68 Wizard Run 0 Options --------- Layout 0 ASCII 0 Keyboard 0 Movement Mouse Keybinds 0 Fullscreen 2 Font 18/SmallcapsGlow Map View 76x50 Zoom Use 0% Tactical HUD 1 Map Filters NONE Filters NONE Steam 1 RUN: fd2f17d9-c63f-4402-aa12-6b7367028bf6